Workbook
Name T9_02: 'Page 1 - General Information'!$K$4996:$K$4998
Name T9_LEA_Name: 'PIMS LEA'!$B$2:$B$760
Name T9_Sch: 'Page 1 - General Information'!$H$4996:$H$5279

Sheet Page 1 - General Information
E4: =" INTERSCHOLASTIC ATHLETIC OPPORTUNITIES DISCLOSURE FORM "&M7 -> INTERSCHOLASTIC ATHLETIC OPPORTUNITIES DISCLOSURE FORM 15.6
E5: 2014 - 2015 School Year
E7: Page 1 - Section 1: General Information | L7: Ver | M7: 15.6
E9: LEA & School Information
E10: LEA Name: | G10: Upper Merion Area SD
E11: LEA Address: | G11: =IF(ISERROR(VLOOKUP(G10,'PIMS LEA'!$B$1:$H$760,4,FALSE)),"",(VLOOKUP(G10,'PIMS LEA'!$B$1:$H$760,4,FALSE))) -> 435 Crossfield Rd King of Prussia, PA 19406
E12: LEA AUN: | G12: =IF(ISERROR(VLOOKUP(G10,'PIMS LEA'!$B$1:$H$760,2,FALSE)),"",(VLOOKUP(G10,'PIMS LEA'!$B$1:$H$760,2,FALSE))) -> 123468402
E14: School Name: | G14: Upper Merion HS
E15: School Address: | G15: =IF(ISERROR(VLOOKUP(G12&G14,'PIMS School'!$D$1:$K$1543,8,FALSE)),"",(VLOOKUP(G12&G14,'PIMS School'!$D$1:$K$1543,8,FALSE))) -> 440 Crossfield Rd King of Prussia, PA 19406
E16: School Number: | G16: =IF(ISERROR(VLOOKUP(G12&G14,'PIMS School'!$D$1:$K$1543,7,FALSE)),"",(VLOOKUP(G12&G14,'PIMS School'!$D$1:$K$1543,7,FALSE))) -> 3395
E18: School Enrollment Data
H20: Grade | J20: Boys | K20: Girls | L20: Total
H21: 7th | J21: =IF(ISERROR(VLOOKUP($G$12&$G$16,'Enrollment Report'!$A$3:$N$1478,3,FALSE)),0,(VLOOKUP($G$12&$G$16,'Enrollment Report'!$A$3:$N$1478,3,FALSE))) -> 0 | K21: =IF(ISERROR(VLOOKUP($G$12&$G$16,'Enrollment Report'!$A$3:$N$1478,2,FALSE)),0,(VLOOKUP($G$12&$G$16,'Enrollment Report'!$A$3:$N$1478,2,FALSE))) -> 0 | L21: =J21+K21 -> 0
H22: 8th | J22: =IF(ISERROR(VLOOKUP($G$12&$G$16,'Enrollment Report'!$A$3:$N$1478,5,FALSE)),0,(VLOOKUP($G$12&$G$16,'Enrollment Report'!$A$3:$N$1478,5,FALSE))) -> 0 | K22: =IF(ISERROR(VLOOKUP($G$12&$G$16,'Enrollment Report'!$A$3:$N$1478,4,FALSE)),0,(VLOOKUP($G$12&$G$16,'Enrollment Report'!$A$3:$N$1478,4,FALSE))) -> 0 | L22: =J22+K22 -> 0
H23: 9th | J23: =IF(ISERROR(VLOOKUP($G$12&$G$16,'Enrollment Report'!$A$3:$N$1478,7,FALSE)),0,(VLOOKUP($G$12&$G$16,'Enrollment Report'!$A$3:$N$1478,7,FALSE))) -> 138 | K23: =IF(ISERROR(VLOOKUP($G$12&$G$16,'Enrollment Report'!$A$3:$N$1478,6,FALSE)),0,(VLOOKUP($G$12&$G$16,'Enrollment Report'!$A$3:$N$1478,6,FALSE))) -> 155 | L23: =J23+K23 -> 293
H24: 10th | J24: =IF(ISERROR(VLOOKUP($G$12&$G$16,'Enrollment Report'!$A$3:$N$1478,9,FALSE)),0,(VLOOKUP($G$12&$G$16,'Enrollment Report'!$A$3:$N$1478,9,FALSE))) -> 168 | K24: =IF(ISERROR(VLOOKUP($G$12&$G$16,'Enrollment Report'!$A$3:$N$1478,8,FALSE)),0,(VLOOKUP($G$12&$G$16,'Enrollment Report'!$A$3:$N$1478,8,FALSE))) -> 136 | L24: =J24+K24 -> 304
H25: 11th | J25: =IF(ISERROR(VLOOKUP($G$12&$G$16,'Enrollment Report'!$A$3:$N$1478,11,FALSE)),0,(VLOOKUP($G$12&$G$16,'Enrollment Report'!$A$3:$N$1478,11,FALSE))) -> 138 | K25: =IF(ISERROR(VLOOKUP($G$12&$G$16,'Enrollment Report'!$A$3:$N$1478,10,FALSE)),0,(VLOOKUP($G$12&$G$16,'Enrollment Report'!$A$3:$N$1478,10,FALSE))) -> 123 | L25: =J25+K25 -> 261
H26: 12th | J26: =IF(ISERROR(VLOOKUP($G$12&$G$16,'Enrollment Report'!$A$3:$N$1478,13,FALSE)),0,(VLOOKUP($G$12&$G$16,'Enrollment Report'!$A$3:$N$1478,13,FALSE))) -> 136 | K26: =IF(ISERROR(VLOOKUP($G$12&$G$16,'Enrollment Report'!$A$3:$N$1478,12,FALSE)),0,(VLOOKUP($G$12&$G$16,'Enrollment Report'!$A$3:$N1478,12,FALSE))) -> 143 | L26: =J26+K26 -> 279
H27: Total | J27: =SUM(J21:J26) -> 580 | K27: =SUM(K21:K26) -> 557 | L27: =SUM(L21:L26) -> 1137
E29: Contact Information
E30: Name of LEAs Title IX Compliance Officer: | G30: Michelle Longo
E31: Telephone Number: | L31: Extension: | M31: 6428
E32: Email Address: | G32: mlongo@umasd.org
E34: Name of Individual Completing This Form: | G34: Robert Devers
E35: Telephone Number: | G35: 610-205-2980 | L35: Extension:
E36: Email Address: | G36: rdevers@umasd.org
E38: Interscholastic Team Sponsorship
E39: Does This School Sponsor Any Interscholastic Athletic Teams? (Yes or No) | G39: Yes
E40: If Your Answer To The Above Question Is No, Stop! If You Have Athletes Playing For Another School, Please Explain On Page 4. Otherwise, You Do Not Need To Complete The Remainder Of The Survey For This School. Please Submit Per The Instructions Provided.
G4994: T9_Sch & T9_Number | K4994: T9_02
H4996: [Make Selection From Drop-Down List ] | I4996: 0000 | K4996: [Make Selection From Drop-Down List ]
D4997: 1 | G4997: 1 | H4997: =IF(ISERROR(VLOOKUP($G$12&$G4997,'PIMS School'!$C$1:$R$1543,7,FALSE)),"",(VLOOKUP($G$12&$G4997,'PIMS School'!$C$1:$R$1543,7,FALSE))) -> Upper Merion HS | I4997: =IF(ISERROR(VLOOKUP($G$12&$G4997,'PIMS School'!$C$1:$R$1543,8,FALSE)),"",(VLOOKUP($G$12&$G4997,'PIMS School'!$C$1:$R$1543,8,FALSE))) -> 3395 | K4997: Yes
G4998: 2 | H4998: =IF(ISERROR(VLOOKUP($G$12&$G4998,'PIMS School'!$C$1:$R$1543,7,FALSE)),"",(VLOOKUP($G$12&$G4998,'PIMS School'!$C$1:$R$1543,7,FALSE))) -> Upper Merion MS | I4998: =IF(ISERROR(VLOOKUP($G$12&$G4998,'PIMS School'!$C$1:$R$1543,8,FALSE)),"",(VLOOKUP($G$12&$G4998,'PIMS School'!$C$1:$R$1543,8,FALSE))) -> 3394 | K4998: No
G4999: 3 | H4999: =IF(ISERROR(VLOOKUP($G$12&$G4999,'PIMS School'!$C$1:$R$1543,7,FALSE)),"",(VLOOKUP($G$12&$G4999,'PIMS School'!$C$1:$R$1543,7,FALSE))) | I4999: =IF(ISERROR(VLOOKUP($G$12&$G4999,'PIMS School'!$C$1:$R$1543,8,FALSE)),"",(VLOOKUP($G$12&$G4999,'PIMS School'!$C$1:$R$1543,8,FALSE)))
G5000: 4 | H5000: =IF(ISERROR(VLOOKUP($G$12&$G5000,'PIMS School'!$C$1:$R$1543,7,FALSE)),"",(VLOOKUP($G$12&$G5000,'PIMS School'!$C$1:$R$1543,7,FALSE))) | I5000: =IF(ISERROR(VLOOKUP($G$12&$G5000,'PIMS School'!$C$1:$R$1543,8,FALSE)),"",(VLOOKUP($G$12&$G5000,'PIMS School'!$C$1:$R$1543,8,FALSE)))
G5001: 5 | H5001: =IF(ISERROR(VLOOKUP($G$12&$G5001,'PIMS School'!$C$1:$R$1543,7,FALSE)),"",(VLOOKUP($G$12&$G5001,'PIMS School'!$C$1:$R$1543,7,FALSE))) | I5001: =IF(ISERROR(VLOOKUP($G$12&$G5001,'PIMS School'!$C$1:$R$1543,8,FALSE)),"",(VLOOKUP($G$12&$G5001,'PIMS School'!$C$1:$R$1543,8,FALSE)))
G5002: 6 | H5002: =IF(ISERROR(VLOOKUP($G$12&$G5002,'PIMS School'!$C$1:$R$1543,7,FALSE)),"",(VLOOKUP($G$12&$G5002,'PIMS School'!$C$1:$R$1543,7,FALSE))) | I5002: =IF(ISERROR(VLOOKUP($G$12&$G5002,'PIMS School'!$C$1:$R$1543,8,FALSE)),"",(VLOOKUP($G$12&$G5002,'PIMS School'!$C$1:$R$1543,8,FALSE)))
G5003: 7 | H5003: =IF(ISERROR(VLOOKUP($G$12&$G5003,'PIMS School'!$C$1:$R$1543,7,FALSE)),"",(VLOOKUP($G$12&$G5003,'PIMS School'!$C$1:$R$1543,7,FALSE))) | I5003: =IF(ISERROR(VLOOKUP($G$12&$G5003,'PIMS School'!$C$1:$R$1543,8,FALSE)),"",(VLOOKUP($G$12&$G5003,'PIMS School'!$C$1:$R$1543,8,FALSE)))
G5004: 8 | H5004: =IF(ISERROR(VLOOKUP($G$12&$G5004,'PIMS School'!$C$1:$R$1543,7,FALSE)),"",(VLOOKUP($G$12&$G5004,'PIMS School'!$C$1:$R$1543,7,FALSE))) | I5004: =IF(ISERROR(VLOOKUP($G$12&$G5004,'PIMS School'!$C$1:$R$1543,8,FALSE)),"",(VLOOKUP($G$12&$G5004,'PIMS School'!$C$1:$R$1543,8,FALSE)))
G5005: 9 | H5005: =IF(ISERROR(VLOOKUP($G$12&$G5005,'PIMS School'!$C$1:$R$1543,7,FALSE)),"",(VLOOKUP($G$12&$G5005,'PIMS School'!$C$1:$R$1543,7,FALSE))) | I5005: =IF(ISERROR(VLOOKUP($G$12&$G5005,'PIMS School'!$C$1:$R$1543,8,FALSE)),"",(VLOOKUP($G$12&$G5005,'PIMS School'!$C$1:$R$1543,8,FALSE)))
G5006: 10 | H5006: =IF(ISERROR(VLOOKUP($G$12&$G5006,'PIMS School'!$C$1:$R$1543,7,FALSE)),"",(VLOOKUP($G$12&$G5006,'PIMS School'!$C$1:$R$1543,7,FALSE))) | I5006: =IF(ISERROR(VLOOKUP($G$12&$G5006,'PIMS School'!$C$1:$R$1543,8,FALSE)),"",(VLOOKUP($G$12&$G5006,'PIMS School'!$C$1:$R$1543,8,FALSE)))
G5007: 11 | H5007: =IF(ISERROR(VLOOKUP($G$12&$G5007,'PIMS School'!$C$1:$R$1543,7,FALSE)),"",(VLOOKUP($G$12&$G5007,'PIMS School'!$C$1:$R$1543,7,FALSE))) | I5007: =IF(ISERROR(VLOOKUP($G$12&$G5007,'PIMS School'!$C$1:$R$1543,8,FALSE)),"",(VLOOKUP($G$12&$G5007,'PIMS School'!$C$1:$R$1543,8,FALSE)))
G5008: 12 | H5008: =IF(ISERROR(VLOOKUP($G$12&$G5008,'PIMS School'!$C$1:$R$1543,7,FALSE)),"",(VLOOKUP($G$12&$G5008,'PIMS School'!$C$1:$R$1543,7,FALSE))) | I5008: =IF(ISERROR(VLOOKUP($G$12&$G5008,'PIMS School'!$C$1:$R$1543,8,FALSE)),"",(VLOOKUP($G$12&$G5008,'PIMS School'!$C$1:$R$1543,8,FALSE)))
G5009: 13 | H5009: =IF(ISERROR(VLOOKUP($G$12&$G5009,'PIMS School'!$C$1:$R$1543,7,FALSE)),"",(VLOOKUP($G$12&$G5009,'PIMS School'!$C$1:$R$1543,7,FALSE))) | I5009: =IF(ISERROR(VLOOKUP($G$12&$G5009,'PIMS School'!$C$1:$R$1543,8,FALSE)),"",(VLOOKUP($G$12&$G5009,'PIMS School'!$C$1:$R$1543,8,FALSE)))
G5010: 14 | H5010: =IF(ISERROR(VLOOKUP($G$12&$G5010,'PIMS School'!$C$1:$R$1543,7,FALSE)),"",(VLOOKUP($G$12&$G5010,'PIMS School'!$C$1:$R$1543,7,FALSE))) | I5010: =IF(ISERROR(VLOOKUP($G$12&$G5010,'PIMS School'!$C$1:$R$1543,8,FALSE)),"",(VLOOKUP($G$12&$G5010,'PIMS School'!$C$1:$R$1543,8,FALSE)))
... G5279: 283 | H5279: =IF(ISERROR(VLOOKUP($G$12&$G5279,'PIMS School'!$C$1:$R$1543,7,FALSE)),"",(VLOOKUP($G$12&$G5279,'PIMS School'!$C$1:$R$1543,7,FALSE))) | I5279: =IF(ISERROR(VLOOKUP($G$12&$G5279,'PIMS School'!$C$1:$R$1543,8,FALSE)),"",(VLOOKUP($G$12&$G5279,'PIMS School'!$C$1:$R$1543,8,FALSE)))

Sheet Page 2 - Team Information
E4: ='Page 1 - General Information'!E4 -> INTERSCHOLASTIC ATHLETIC OPPORTUNITIES DISCLOSURE FORM 15.6
E5: ='Page 1 - General Information'!E5 -> 2014 - 2015 School Year
G7: =IF('Page 1 - General Information'!G14="[Make Selection From Drop-Down List ]","",("School: "&'Page 1 - General Information'!G14&" - "&'Page 1 - General Information'!G16)) -> School: Upper Merion HS - 3395 | T7: Page 2 - Section 1: Team Information | AI7: =IF('Page 1 - General Information'!G10=" [Make Selection From Drop-Down List ]","",("LEA: "&'Page 1 - General Information'!G10&" - "&'Page 1 - General Information'!G12)) -> LEA: Upper Merion Area SD - 123468402
E9: TEAM MEMBERSHIP | AH9: COACHES & TRAINERS
E10: Sport | G10: Boys/Girls | I10: Level | K10: Total Number of Participants (As Of The Day Of The First Scheduled Team Competition) | O10: Season(s) Team Competes | S10: Team History (Format =YYYY, e.g. 1955) | X10: Total Number of Competitions Scheduled Per Season | AC10: Total Number of Competitions Played Per Season | AH10: NUMBER OF COACHES PER TEAM | AM10: PERCENTAGE OF TIME SPENT BY EACH ATHLETIC TRAINER WITH EACH TEAM
AH11: Head | AJ11: Assistant | AM11: Trainer 1 | AN11: Trainer 2 | AO11: Trainer 3 | AP11: Trainer 4
K12: Boys | L12: Girls | M12: TOTAL | O12: F | P12: W | Q12: S | S12: Year Established 1 | T12: Year of Demotion | U12: Year of Elimination | V12: Year of Reinstatement | X12: F | Y12: W | Z12: S | AA12: Total | AC12: F | AD12: W | AE12: S | AF12: Total | AH12: Full Time | AI12: Part Time | AJ12: Full Time | AK12: Part Time | AM12: =SUM(AM14:AM184) -> 0.68 | AN12: =SUM(AN14:AN184) -> 0.68 | AO12: =SUM(AO14:AO184) -> 0 | AP12: =SUM(AP14:AP184) -> 0
K13: 1 | L13: 2 | M13: 3 | N13: 9 | O13: 5 | P13: 6 | Q13: 7 | R13: 22 | S13: 9 | T13: 10 | U13: 11 | V13: 12 | W13: 27 | X13: 14 | Y13: 15 | Z13: 16 | AA13: 17 | AB13: 32 | AC13: 19 | AD13: 20 | AE13: 21 | AF13: 22 | AG13: 37 | AH13: 24 | AI13: 25 | AJ13: 26 | AK13: 27 | AL13: 42 | AM13: 29 | AN13: 30 | AO13: 31 | AP13: 32
D14: 1 | E14: Baseball | G14: Boys | I14: Varsity | K14: 15 | M14: =SUM(K14:L14) -> 15 | Q14: Yes | S14: 1966 | Z14: 20 | AA14: =SUM(X14:Z14) -> 20 | AE14: 20 | AF14: =SUM(AC14:AE14) -> 20 | AI14: 1 | AK14: 1 | AM14: 0.012 | AN14: 0.012 | AO14: 0 | AP14: 0
D15: 2 | E15: Basketball | G15: Boys | I15: Varsity | K15: 12 | M15: =SUM(K15:L15) -> 12 | P15: Yes | S15: 1966 | Y15: 22 | AA15: =SUM(X15:Z15) -> 22 | AD15: 22 | AF15: =SUM(AC15:AE15) -> 22 | AI15: 1 | AM15: 0.012 | AN15: 0.012 | AO15: 0 | AP15: 0
D16: 3 | E16: Bowling | G16: Boys | I16: Varsity | M16: =SUM(K16:L16) -> 0 | AA16: =SUM(X16:Z16) -> 0 | AF16: =SUM(AC16:AE16) -> 0 | AM16: 0 | AN16: 0 | AO16: 0 | AP16: 0
D17: 4 | E17: Cross Country | G17: Boys | I17: Varsity | K17: 13 | M17: =SUM(K17:L17) -> 13 | O17: Yes | S17: 1966 | X17: 16 | AA17: =SUM(X17:Z17) -> 16 | AC17: 16 | AF17: =SUM(AC17:AE17) -> 16 | AI17: 0.5 | AM17: 0.012 | AN17: 0.012 | AO17: 0 | AP17: 0
D18: 5 | E18: Football | G18: Boys | I18: Varsity | K18: 33 | M18: =SUM(K18:L18) -> 33 | O18: Yes | S18: 1966 | X18: 11 | AA18: =SUM(X18:Z18) -> 11 | AC18: 11 | AF18: =SUM(AC18:AE18) -> 11 | AI18: 1 | AK18: 1 | AM18: 0.012 | AN18: 0.012 | AO18: 0 | AP18: 0
D19: 6 | E19: Golf | G19: Boys | I19: Varsity | K19: 11 | M19: =SUM(K19:L19) -> 11 | O19: Yes | S19: 1966 | X19: 18 | AA19: =SUM(X19:Z19) -> 18 | AC19: 18 | AF19: =SUM(AC19:AE19) -> 18 | AI19: 0.5 | AM19: 0.01 | AN19: 0.01 | AO19: 0 | AP19: 0
D20: 7 | E20: Lacrosse | G20: Boys | I20: Varsity | K20: 19 | M20: =SUM(K20:L20) -> 19 | Q20: Yes | S20: 2008 | Z20: 18 | AA20: =SUM(X20:Z20) -> 18 | AE20: 18 | AF20: =SUM(AC20:AE20) -> 18 | AI20: 1 | AM20: 0.012 | AN20: 0.012 | AO20: 0 | AP20: 0
D21: 8 | E21: Rifle | G21: Boys | I21: Varsity | K21: 9 | M21: =SUM(K21:L21) -> 9 | Q21: Yes | S21: 1966 | Z21: 12 | AA21: =SUM(X21:Z21) -> 12 | AE21: 12 | AF21: =SUM(AC21:AE21) -> 12 | AI21: 0.25 | AK21: 1 | AM21: 0.01 | AN21: 0.01 | AO21: 0 | AP21: 0
D22: 9 | E22: Soccer | G22: Boys | I22: Varsity | K22: 29 | M22: =SUM(K22:L22) -> 29 | O22: Yes | S22: 1966 | X22: 18 | AA22: =SUM(X22:Z22) -> 18 | AC22: 18 | AF22: =SUM(AC22:AE22) -> 18 | AI22: 1 | AK22: 1 | AM22: 0.012 | AN22: 0.012 | AO22: 0 | AP22: 0
D23: 10 | E23: Swimming and Diving | G23: Boys | I23: Varsity | K23: 10 | M23: =SUM(K23:L23) -> 10 | P23: Yes | S23: 1966 | Y23: 18 | AA23: =SUM(X23:Z23) -> 18 | AD23: 18 | AF23: =SUM(AC23:AE23) -> 18 | AI23: 1 | AM23: 0.012 | AN23: 0.012 | AO23: 0 | AP23: 0
D24: 11 | E24: Tennis | G24: Boys | I24: Varsity | K24: 9 | M24: =SUM(K24:L24) -> 9 | Q24: Yes | S24: 1966 | Z24: 18 | AA24: =SUM(X24:Z24) -> 18 | AE24: 18 | AF24: =SUM(AC24:AE24) -> 18 | AI24: 1 | AM24: 0.012 | AN24: 0.012 | AO24: 0 | AP24: 0
D25: 12 | E25: Track & Field (Indoor) | G25: Boys | I25: Varsity | K25: 14 | M25: =SUM(K25:L25) -> 14 | P25: Yes | S25: 1966 | Y25: 16 | AA25: =SUM(X25:Z25) -> 16 | AD25: 16 | AF25: =SUM(AC25:AE25) -> 16 | AI25: 0.25 | AK25: 0.5 | AM25: 0.012 | AN25: 0.012 | AO25: 0 | AP25: 0
D26: 13 | E26: Track & Field (Outdoor) | G26: Boys | I26: Varsity | K26: 26 | M26: =SUM(K26:L26) -> 26 | Q26: Yes | S26: 1966 | Z26: 16 | AA26: =SUM(X26:Z26) -> 16 | AE26: 16 | AF26: =SUM(AC26:AE26) -> 16 | AI26: 0.5 | AK26: 1 | AM26: 0.012 | AN26: 0.012 | AO26: 0 | AP26: 0
D27: 14 | E27: Volleyball | G27: Boys | I27: Varsity | M27: =SUM(K27:L27) -> 0 | AA27: =SUM(X27:Z27) -> 0 | AF27: =SUM(AC27:AE27) -> 0 | AM27: 0 | AN27: 0 | AO27: 0 | AP27: 0
D28: 15 | E28: Water Polo | G28: Boys | I28: Varsity | K28: 14 | M28: =SUM(K28:L28) -> 14 | O28: Yes | S28: 1966 | X28: 22 | AA28: =SUM(X28:Z28) -> 22 | AC28: 22 | AF28: =SUM(AC28:AE28) -> 22 | AI28: 0.5 | AK28: 0.5 | AM28: 0.012 | AN28: 0.012 | AO28: 0 | AP28: 0
D29: 16 | E29: Wrestling | G29: Boys | I29: Varsity | K29: 11 | M29: =SUM(K29:L29) -> 11 | P29: Yes | S29: 1966 | Y29: 22 | AA29: =SUM(X29:Z29) -> 22 | AD29: 22 | AF29: =SUM(AC29:AE29) -> 22 | AI29: 1 | AM29: 0.012 | AN29: 0.012 | AO29: 0 | AP29: 0
D30: 17 | E30: Baseball | G30: Boys | I30: Jr Varsity | K30: 14 | M30: =SUM(K30:L30) -> 14 | Q30: Yes | S30: 1966 | Z30: 20 | AA30: =SUM(X30:Z30) -> 20 | AE30: 20 | AF30: =SUM(AC30:AE30) -> 20 | AI30: 1 | AM30: 0.012 | AN30: 0.012 | AO30: 0 | AP30: 0
D31: 18 | E31: Basketball | G31: Boys | I31: Jr Varsity | K31: 11 | M31: =SUM(K31:L31) -> 11 | P31: Yes | S31: 1966 | Y31: 22 | AA31: =SUM(X31:Z31) -> 22 | AD31: 22 | AF31: =SUM(AC31:AE31) -> 22 | AI31: 1 | AM31: 0.012 | AN31: 0.012 | AO31: 0 | AP31: 0
D32: 19 | E32: Bowling | G32: Boys | I32: Jr Varsity | M32: =SUM(K32:L32) -> 0 | AA32: =SUM(X32:Z32) -> 0 | AF32: =SUM(AC32:AE32) -> 0 | AM32: 0 | AN32: 0 | AO32: 0 | AP32: 0
D33: 20 | E33: Cross Country | G33: Boys | I33: Jr Varsity | K33: 13 | M33: =SUM(K33:L33) -> 13 | O33: Yes | S33: 1966 | X33: 16 | AA33: =SUM(X33:Z33) -> 16 | AC33: 16 | AF33: =SUM(AC33:AE33) -> 16 | AI33: 0.5 | AM33: 0.012 | AN33: 0.012 | AO33: 0 | AP33: 0
D34: 21 | E34: Football | G34: Boys | I34: Jr Varsity | K34: 21 | M34: =SUM(K34:L34) -> 21 | O34: Yes | S34: 1966 | X34: 10 | AA34: =SUM(X34:Z34) -> 10 | AC34: 10 | AF34: =SUM(AC34:AE34) -> 10 | AI34: 1 | AK34: 1 | AM34: 0.01 | AN34: 0.01 | AO34: 0 | AP34: 0
D35: 22 | E35: Golf | G35: Boys | I35: Jr Varsity | M35: =SUM(K35:L35) -> 0 | AA35: =SUM(X35:Z35) -> 0 | AF35: =SUM(AC35:AE35) -> 0 | AM35: 0 | AN35: 0 | AO35: 0 | AP35: 0
D36: 23 | E36: Lacrosse | G36: Boys | I36: Jr Varsity | K36: 14 | M36: =SUM(K36:L36) -> 14 | Q36: Yes | S36: 2008 | Z36: 18 | AA36: =SUM(X36:Z36) -> 18 | AE36: 18 | AF36: =SUM(AC36:AE36) -> 18 | AI36: 1 | AM36: 0.012 | AN36: 0.012 | AO36: 0 | AP36: 0
D37: 24 | E37: Rifle | G37: Boys | I37: Jr Varsity | K37: 8 | M37: =SUM(K37:L37) -> 8 | Q37: Yes | S37: 1966 | Z37: 12 | AA37: =SUM(X37:Z37) -> 12 | AE37: 12 | AF37: =SUM(AC37:AE37) -> 12 | AI37: 0.25 | AK37: 0.5 | AM37: 0.01 | AN37: 0.01 | AO37: 0 | AP37: 0
D38: 25 | E38: Soccer | G38: Boys | I38: Jr Varsity | K38: 22 | M38: =SUM(K38:L38) -> 22 | O38: Yes | S38: 1966 | X38: 18 | AA38: =SUM(X38:Z38) -> 18 | AC38: 18 | AF38: =SUM(AC38:AE38) -> 18 | AI38: 1 | AM38: 0.012 | AN38: 0.012 | AO38: 0 | AP38: 0
D39: 26 | E39: Swimming and Diving | G39: Boys | I39: Jr Varsity | K39: 10 | M39: =SUM(K39:L39) -> 10 | P39: Yes | S39: 1966 | Y39: 18 | AA39: =SUM(X39:Z39) -> 18 | AD39: 18 | AF39: =SUM(AC39:AE39) -> 18 | AI39: 1 | AM39: 0.012 | AN39: 0.012 | AO39: 0 | AP39: 0
D40: 27 | E40: Tennis | G40: Boys | I40: Jr Varsity | K40: 9 | M40: =SUM(K40:L40) -> 9 | Q40: Yes | S40: 1966 | Z40: 18 | AA40: =SUM(X40:Z40) -> 18 | AE40: 18 | AF40: =SUM(AC40:AE40) -> 18 | AI40: 1 | AM40: 0.012 | AN40: 0.012 | AO40: 0 | AP40: 0
D41: 28 | E41: Track & Field (Indoor) | G41: Boys | I41: Jr Varsity | K41: 13 | M41: =SUM(K41:L41) -> 13 | P41: Yes | S41: 1966 | Z41: 16 | AA41: =SUM(X41:Z41) -> 16 | AE41: 16 | AF41: =SUM(AC41:AE41) -> 16 | AI41: 0.25 | AK41: 0.5 | AM41: 0.01 | AN41: 0.012 | AO41: 0 | AP41: 0
D42: 29 | E42: Track & Field (Outdoor) | G42: Boys | I42: Jr Varsity | K42: 26 | M42: =SUM(K42:L42) -> 26 | Q42: Yes | S42: 1966 | Z42: 16 | AA42: =SUM(X42:Z42) -> 16 | AE42: 16 | AF42: =SUM(AC42:AE42) -> 16 | AI42: 0.5 | AK42: 1 | AM42: 0.012 | AN42: 0.012 | AO42: 0 | AP42: 0
D43: 30 | E43: Volleyball | G43: Boys | I43: Jr Varsity | M43: =SUM(K43:L43) -> 0 | AA43: =SUM(X43:Z43) -> 0 | AF43: =SUM(AC43:AE43) -> 0 | AM43: 0 | AN43: 0 | AO43: 0 | AP43: 0
D44: 31 | E44: Water Polo | G44: Boys | I44: Jr Varsity | M44: =SUM(K44:L44) -> 0 | AA44: =SUM(X44:Z44) -> 0 | AF44: =SUM(AC44:AE44) -> 0 | AM44: 0 | AN44: 0 | AO44: 0 | AP44: 0
D45: 32 | E45: Wrestling | G45: Boys | I45: Jr Varsity | K45: 10 | L45: 1 | M45: =SUM(K45:L45) -> 11 | P45: Yes | S45: 1966 | Y45: 22 | AA45: =SUM(X45:Z45) -> 22 | AD45: 22 | AF45: =SUM(AC45:AE45) -> 22 | AI45: 1 | AM45: 0.012 | AN45: 0.012 | AO45: 0 | AP45: 0
D46: 33 | E46: Baseball | G46: Boys | I46: Freshman | K46: 15 | M46: =SUM(K46:L46) -> 15 | Q46: Yes | S46: 1966 | Z46: 20 | AA46: =SUM(X46:Z46) -> 20 | AE46: 20 | AF46: =SUM(AC46:AE46) -> 20 | AI46: 1 | AM46: 0.012 | AN46: 0.012 | AO46: 0 | AP46: 0
D47: 34 | E47: Basketball | G47: Boys | I47: Freshman | K47: 12 | M47: =SUM(K47:L47) -> 12 | P47: Yes | S47: 1966 | Y47: 22 | AA47: =SUM(X47:Z47) -> 22 | AD47: 22 | AF47: =SUM(AC47:AE47) -> 22 | AI47: 1 | AM47: 0.012 | AN47: 0.012 | AO47: 0 | AP47: 0
D48: 35 | E48: Bowling | G48: Boys | I48: Freshman | M48: =SUM(K48:L48) -> 0 | AA48: =SUM(X48:Z48) -> 0 | AF48: =SUM(AC48:AE48) -> 0 | AM48: 0 | AN48: 0 | AO48: 0 | AP48: 0
D49: 36 | E49: Cross Country | G49: Boys | I49: Freshman | M49: =SUM(K49:L49) -> 0 | AA49: =SUM(X49:Z49) -> 0 | AF49: =SUM(AC49:AE49) -> 0 | AM49: 0 | AN49: 0 | AO49: 0 | AP49: 0
D50: 37 | E50: Football | G50: Boys | I50: Freshman | K50: 21 | M50: =SUM(K50:L50) -> 21 | S50: 1966 | X50: 10 | AA50: =SUM(X50:Z50) -> 10 | AC50: 10 | AF50: =SUM(AC50:AE50) -> 10 | AI50: 1 | AK50: 1 | AM50: 0.012 | AN50: 0.012 | AO50: 0 | AP50: 0
D51: 38 | E51: Golf | G51: Boys | I51: Freshman | M51: =SUM(K51:L51) -> 0 | AA51: =SUM(X51:Z51) -> 0 | AF51: =SUM(AC51:AE51) -> 0 | AM51: 0 | AN51: 0 | AO51: 0 | AP51: 0
D52: 39 | E52: Lacrosse | G52: Boys | I52: Freshman | M52: =SUM(K52:L52) -> 0 | AA52: =SUM(X52:Z52) -> 0 | AF52: =SUM(AC52:AE52) -> 0 | AM52: 0 | AN52: 0 | AO52: 0 | AP52: 0
D53: 40 | E53: Rifle | G53: Boys | I53: Freshman | M53: =SUM(K53:L53) -> 0 | AA53: =SUM(X53:Z53) -> 0 | AF53: =SUM(AC53:AE53) -> 0 | AM53: 0 | AN53: 0 | AO53: 0 | AP53: 0
D54: 41 | E54: Soccer | G54: Boys | I54: Freshman | K54: 16 | M54: =SUM(K54:L54) -> 16 | O54: Yes | S54: 1966 | X54: 18 | AA54: =SUM(X54:Z54) -> 18 | AC54: 18 | AF54: =SUM(AC54:AE54) -> 18 | AI54: 1 | AM54: 0.012 | AN54: 0.012 | AO54: 0 | AP54: 0
D55: 42 | E55: Swimming and Diving | G55: Boys | I55: Freshman | M55: =SUM(K55:L55) -> 0 | AA55: =SUM(X55:Z55) -> 0 | AF55: =SUM(AC55:AE55) -> 0 | AM55: 0 | AN55: 0 | AO55: 0 | AP55: 0
D56: 43 | E56: Tennis | G56: Boys | I56: Freshman | M56: =SUM(K56:L56) -> 0 | AA56: =SUM(X56:Z56) -> 0 | AF56: =SUM(AC56:AE56) -> 0 | AM56: 0 | AN56: 0 | AO56: 0 | AP56: 0
D57: 44 | E57: Track & Field (Indoor) | G57: Boys | I57: Freshman | M57: =SUM(K57:L57) -> 0 | AA57: =SUM(X57:Z57) -> 0 | AF57: =SUM(AC57:AE57) -> 0 | AM57: 0 | AN57: 0 | AO57: 0 | AP57: 0
D58: 45 | E58: Track & Field (Outdoor) | G58: Boys | I58: Freshman | M58: =SUM(K58:L58) -> 0 | AA58: =SUM(X58:Z58) -> 0 | AF58: =SUM(AC58:AE58) -> 0 | AM58: 0 | AN58: 0 | AO58: 0 | AP58: 0
D59: 46 | E59: Volleyball | G59: Boys | I59: Freshman | M59: =SUM(K59:L59) -> 0 | AA59: =SUM(X59:Z59) -> 0 | AF59: =SUM(AC59:AE59) -> 0 | AM59: 0 | AN59: 0 | AO59: 0 | AP59: 0
D60: 47 | E60: Water Polo | G60: Boys | I60: Freshman | M60: =SUM(K60:L60) -> 0 | AA60: =SUM(X60:Z60) -> 0 | AF60: =SUM(AC60:AE60) -> 0 | AM60: 0 | AN60: 0 | AO60: 0 | AP60: 0
D61: 48 | E61: Wrestling | G61: Boys | I61: Freshman | M61: =SUM(K61:L61) -> 0 | AA61: =SUM(X61:Z61) -> 0 | AF61: =SUM(AC61:AE61) -> 0 | AM61: 0 | AN61: 0 | AO61: 0 | AP61: 0
D62: 49 | E62: Baseball | G62: Boys | I62: 8th Grade | M62: =SUM(K62:L62) -> 0 | AA62: =SUM(X62:Z62) -> 0 | AF62: =SUM(AC62:AE62) -> 0 | AM62: 0 | AN62: 0 | AO62: 0 | AP62: 0
D63: 50 | E63: Basketball | G63: Boys | I63: 8th Grade | M63: =SUM(K63:L63) -> 0 | AA63: =SUM(X63:Z63) -> 0 | AF63: =SUM(AC63:AE63) -> 0 | AM63: 0 | AN63: 0 | AO63: 0 | AP63: 0
D64: 51 | E64: Bowling | G64: Boys | I64: 8th Grade | M64: =SUM(K64:L64) -> 0 | AA64: =SUM(X64:Z64) -> 0 | AF64: =SUM(AC64:AE64) -> 0 | AM64: 0 | AN64: 0 | AO64: 0 | AP64: 0
D65: 52 | E65: Cross Country | G65: Boys | I65: 8th Grade | M65: =SUM(K65:L65) -> 0 | AA65: =SUM(X65:Z65) -> 0 | AF65: =SUM(AC65:AE65) -> 0 | AM65: 0 | AN65: 0 | AO65: 0 | AP65: 0
D66: 53 | E66: Football | G66: Boys | I66: 8th Grade | M66: =SUM(K66:L66) -> 0 | AA66: =SUM(X66:Z66) -> 0 | AF66: =SUM(AC66:AE66) -> 0 | AM66: 0 | AN66: 0 | AO66: 0 | AP66: 0
... D93: 80 | E93: Wrestling | G93: Boys | I93: 7th Grade | M93: =SUM(K93:L93) -> 0 | AA93: =SUM(X93:Z93) -> 0 | AF93: =SUM(AC93:AE93) -> 0 | AM93: 0 | AN93: 0 | AO93: 0 | AP93: 0
D94: 81 | E94: Basketball | G94: Girls | I94: Varsity | L94: 10 | M94: =SUM(K94:L94) -> 10 | P94: Yes | S94: 1966 | Y94: 22 | AA94: =SUM(X94:Z94) -> 22 | AD94: 22 | AF94: =SUM(AC94:AE94) -> 22 | AI94: 1 | AM94: 0.012 | AN94: 0.012 | AO94: 0 | AP94: 0
D95: 82 | E95: Bowling | G95: Girls | I95: Varsity | M95: =SUM(K95:L95) -> 0 | AA95: =SUM(X95:Z95) -> 0 | AF95: =SUM(AC95:AE95) -> 0 | AM95: 0 | AN95: 0 | AO95: 0 | AP95: 0
D96: 83 | E96: Competitive Spirit | G96: Girls | I96: Varsity | L96: 24 | M96: =SUM(K96:L96) -> 24 | P96: Yes | S96: 1966 | Y96: 6 | AA96: =SUM(X96:Z96) -> 6 | AD96: 6 | AF96: =SUM(AC96:AE96) -> 6 | AI96: 1 | AM96: 0.012 | AN96: 0.012 | AO96: 0 | AP96: 0
D97: 84 | E97: Cross Country | G97: Girls | I97: Varsity | L97: 6 | M97: =SUM(K97:L97) -> 6 | O97: Yes | S97: 1966 | X97: 16 | AA97: =SUM(X97:Z97) -> 16 | AC97: 16 | AF97: =SUM(AC97:AE97) -> 16 | AI97: 0.5 | AM97: 0.012 | AN97: 0.012 | AO97: 0 | AP97: 0
D98: 85 | E98: Field Hockey | G98: Girls | I98: Varsity | L98: 12 | M98: =SUM(K98:L98) -> 12 | O98: Yes | S98: 1966 | X98: 18 | AA98: =SUM(X98:Z98) -> 18 | AC98: 18 | AF98: =SUM(AC98:AE98) -> 18 | AI98: 1 | AM98: 0.012 | AN98: 0.012 | AO98: 0 | AP98: 0
D99: 86 | E99: Golf | G99: Girls | I99: Varsity | L99: 1 | M99: =SUM(K99:L99) -> 1 | O99: Yes | S99: 1966 | X99: 18 | AA99: =SUM(X99:Z99) -> 18 | AC99: 18 | AF99: =SUM(AC99:AE99) -> 18 | AI99: 0.5 | AM99: 0.01 | AN99: 0.01 | AO99: 0 | AP99: 0
D100: 87 | E100: Gymnastics | G100: Girls | I100: Varsity | M100: =SUM(K100:L100) -> 0 | AA100: =SUM(X100:Z100) -> 0 | AF100: =SUM(AC100:AE100) -> 0 | AM100: 0 | AN100: 0 | AO100: 0 | AP100: 0
D101: 88 | E101: Lacrosse | G101: Girls | I101: Varsity | L101: 17 | M101: =SUM(K101:L101) -> 17 | Q101: Yes | S101: 1966 | Z101: 18 | AA101: =SUM(X101:Z101) -> 18 | AE101: 18 | AF101: =SUM(AC101:AE101) -> 18 | AI101: 1 | AK101: 1 | AM101: 0.012 | AN101: 0.012 | AO101: 0 | AP101: 0
D102: 89 | E102: Rifle | G102: Girls | I102: Varsity | L102: 14 | M102: =SUM(K102:L102) -> 14 | Q102: Yes | S102: 1966 | Z102: 12 | AA102: =SUM(X102:Z102) -> 12 | AE102: 12 | AF102: =SUM(AC102:AE102) -> 12 | AI102: 0.25 | AK102: 1 | AM102: 0.01 | AN102: 0.01 | AO102: 0 | AP102: 0
D103: 90 | E103: Soccer | G103: Girls | I103: Varsity | L103: 20 | M103: =SUM(K103:L103) -> 20 | O103: Yes | S103: 2001 | X103: 18 | AA103: =SUM(X103:Z103) -> 18 | AC103: 18 | AF103: =SUM(AC103:AE103) -> 18 | AI103: 1 | AK103: 1 | AM103: 0.012 | AN103: 0.012 | AO103: 0 | AP103: 0
D104: 91 | E104: Softball, Fast Pitch | G104: Girls | I104: Varsity | L104: 14 | M104: =SUM(K104:L104) -> 14 | Q104: Yes | S104: 1966 | Z104: 20 | AA104: =SUM(X104:Z104) -> 20 | AE104: 20 | AF104: =SUM(AC104:AE104) -> 20 | AI104: 1 | AK104: 1 | AM104: 0.012 | AN104: 0.012 | AO104: 0 | AP104: 0
D105: 92 | E105: Swimming and Diving | G105: Girls | I105: Varsity | L105: 15 | M105: =SUM(K105:L105) -> 15 | P105: Yes | S105: 1966 | Y105: 22 | AA105: =SUM(X105:Z105) -> 22 | AD105: 18 | AF105: =SUM(AC105:AE105) -> 18 | AI105: 1 | AM105: 0.012 | AN105: 0.012 | AO105: 0 | AP105: 0
D106: 93 | E106: Tennis | G106: Girls | I106: Varsity | L106: 7 | M106: =SUM(K106:L106) -> 7 | O106: Yes | S106: 1966 | X106: 18 | AA106: =SUM(X106:Z106) -> 18 | AC106: 18 | AF106: =SUM(AC106:AE106) -> 18 | AI106: 1 | AM106: 0.012 | AN106: 0.012 | AO106: 0 | AP106: 0
D107: 94 | E107: Track & Field (Indoor) | G107: Girls | I107: Varsity | L107: 18 | M107: =SUM(K107:L107) -> 18 | P107: Yes | S107: 1966 | Y107: 16 | AA107: =SUM(X107:Z107) -> 16 | AD107: 16 | AF107: =SUM(AC107:AE107) -> 16 | AI107: 0.25 | AK107: 0.5 | AM107: 0.012 | AN107: 0.012 | AO107: 0 | AP107: 0
D108: 95 | E108: Track & Field (Outdoor) | G108: Girls | I108: Varsity | L108: 29 | M108: =SUM(K108:L108) -> 29 | Q108: Yes | S108: 1966 | Z108: 16 | AA108: =SUM(X108:Z108) -> 16 | AE108: 16 | AF108: =SUM(AC108:AE108) -> 16 | AI108: 0.5 | AK108: 1 | AM108: 0.012 | AN108: 0.012 | AO108: 0 | AP108: 0
D109: 96 | E109: Volleyball | G109: Girls | I109: Varsity | L109: 13 | M109: =SUM(K109:L109) -> 13 | O109: Yes | S109: 1993 | X109: 22 | AA109: =SUM(X109:Z109) -> 22 | AC109: 22 | AF109: =SUM(AC109:AE109) -> 22 | AI109: 1 | AM109: 0.012 | AN109: 0.012 | AO109: 0 | AP109: 0
D110: 97 | E110: Water Polo | G110: Girls | I110: Varsity | L110: 11 | M110: =SUM(K110:L110) -> 11 | O110: Yes | S110: 1966 | X110: 22 | AA110: =SUM(X110:Z110) -> 22 | AC110: 22 | AF110: =SUM(AC110:AE110) -> 22 | AI110: 0.5 | AK110: 0.5 | AM110: 0.012 | AN110: 0.012 | AO110: 0 | AP110: 0
D111: 98 | E111: Basketball | G111: Girls | I111: Jr Varsity | L111: 10 | M111: =SUM(K111:L111) -> 10 | P111: Yes | S111: 1966 | Y111: 22 | AA111: =SUM(X111:Z111) -> 22 | AD111: 22 | AF111: =SUM(AC111:AE111) -> 22 | AI111: 1 | AM111: 0.012 | AN111: 0.012 | AO111: 0 | AP111: 0
D112: 99 | E112: Bowling | G112: Girls | I112: Jr Varsity | M112: =SUM(K112:L112) -> 0 | AA112: =SUM(X112:Z112) -> 0 | AF112: =SUM(AC112:AE112) -> 0 | AM112: 0 | AN112: 0 | AO112: 0 | AP112: 0
D113: 100 | E113: Competitive Spirit | G113: Girls | I113: Jr Varsity | L113: 18 | M113: =SUM(K113:L113) -> 18 | P113: Yes | S113: 1966 | Y113: 6 | AA113: =SUM(X113:Z113) -> 6 | AD113: 6 | AF113: =SUM(AC113:AE113) -> 6 | AI113: 1 | AM113: 0.012 | AN113: 0.012 | AO113: 0 | AP113: 0
D114: 101 | E114: Cross Country | G114: Girls | I114: Jr Varsity | L114: 6 | M114: =SUM(K114:L114) -> 6 | O114: Yes | S114: 1966 | X114: 16 | AA114: =SUM(X114:Z114) -> 16 | AC114: 16 | AF114: =SUM(AC114:AE114) -> 16 | AI114: 0.5 | AM114: 0.012 | AN114: 0.012 | AO114: 0 | AP114: 0
D115: 102 | E115: Field Hockey | G115: Girls | I115: Jr Varsity | L115: 16 | M115: =SUM(K115:L115) -> 16 | O115: Yes | S115: 1966 | X115: 18 | AA115: =SUM(X115:Z115) -> 18 | AC115: 18 | AF115: =SUM(AC115:AE115) -> 18 | AI115: 1 | AM115: 0.012 | AN115: 0.012 | AO115: 0 | AP115: 0
D116: 103 | E116: Golf | G116: Girls | I116: Jr Varsity | M116: =SUM(K116:L116) -> 0 | AA116: =SUM(X116:Z116) -> 0 | AF116: =SUM(AC116:AE116) -> 0 | AM116: 0 | AN116: 0 | AO116: 0 | AP116: 0
D117: 104 | E117: Gymnastics | G117: Girls | I117: Jr Varsity | M117: =SUM(K117:L117) -> 0 | AA117: =SUM(X117:Z117) -> 0 | AF117: =SUM(AC117:AE117) -> 0 | AM117: 0 | AN117: 0 | AO117: 0 | AP117: 0
D118: 105 | E118: Lacrosse | G118: Girls | I118: Jr Varsity | L118: 18 | M118: =SUM(K118:L118) -> 18 | Q118: Yes | S118: 1966 | Z118: 18 | AA118: =SUM(X118:Z118) -> 18 | AE118: 18 | AF118: =SUM(AC118:AE118) -> 18 | AI118: 1 | AM118: 0.012 | AN118: 0.012 | AO118: 0 | AP118: 0
D119: 106 | E119: Rifle | G119: Girls | I119: Jr Varsity | L119: 13 | M119: =SUM(K119:L119) -> 13 | Q119: Yes | S119: 1966 | Z119: 12 | AA119: =SUM(X119:Z119) -> 12 | AE119: 12 | AF119: =SUM(AC119:AE119) -> 12 | AI119: 0.25 | AK119: 0.5 | AM119: 0.01 | AN119: 0.01 | AO119: 0 | AP119: 0
D120: 107 | E120: Soccer | G120: Girls | I120: Jr Varsity | L120: 19 | M120: =SUM(K120:L120) -> 19 | O120: Yes | S120: 2001 | X120: 18 | AA120: =SUM(X120:Z120) -> 18 | AC120: 18 | AF120: =SUM(AC120:AE120) -> 18 | AI120: 1 | AM120: 0.012 | AN120: 0.012 | AO120: 0 | AP120: 0
D121: 108 | E121: Softball, Fast Pitch | G121: Girls | I121: Jr Varsity | L121: 16 | M121: =SUM(K121:L121) -> 16 | Q121: Yes | S121: 1966 | Z121: 20 | AA121: =SUM(X121:Z121) -> 20 | AE121: 20 | AF121: =SUM(AC121:AE121) -> 20 | AI121: 1 | AM121: 0.012 | AN121: 0.012 | AO121: 0 | AP121: 0
D122: 109 | E122: Swimming and Diving | G122: Girls | I122: Jr Varsity | L122: 15 | M122: =SUM(K122:L122) -> 15 | P122: Yes | S122: 1966 | Y122: 22 | AA122: =SUM(X122:Z122) -> 22 | AD122: 18 | AF122: =SUM(AC122:AE122) -> 18 | AI122: 1 | AM122: 0.012 | AN122: 0.012 | AO122: 0 | AP122: 0
D123: 110 | E123: Tennis | G123: Girls | I123: Jr Varsity | L123: 6 | M123: =SUM(K123:L123) -> 6 | O123: Yes | S123: 1966 | X123: 18 | AA123: =SUM(X123:Z123) -> 18 | AC123: 18 | AF123: =SUM(AC123:AE123) -> 18 | AI123: 1 | AM123: 0.012 | AN123: 0.012 | AO123: 0 | AP123: 0
D124: 111 | E124: Track & Field (Indoor) | G124: Girls | I124: Jr Varsity | L124: 18 | M124: =SUM(K124:L124) -> 18 | P124: Yes | S124: 1966 | Y124: 16 | AA124: =SUM(X124:Z124) -> 16 | AD124: 16 | AF124: =SUM(AC124:AE124) -> 16 | AI124: 0.25 | AK124: 0.5 | AM124: 0.012 | AN124: 0.01 | AO124: 0 | AP124: 0
D125: 112 | E125: Track & Field (Outdoor) | G125: Girls | I125: Jr Varsity | L125: 28 | M125: =SUM(K125:L125) -> 28 | Q125: Yes | S125: 1966 | Z125: 16 | AA125: =SUM(X125:Z125) -> 16 | AE125: 16 | AF125: =SUM(AC125:AE125) -> 16 | AI125: 0.5 | AK125: 1 | AM125: 0.012 | AN125: 0.012 | AO125: 0 | AP125: 0
D126: 113 | E126: Volleyball | G126: Girls | I126: Jr Varsity | L126: 8 | M126: =SUM(K126:L126) -> 8 | O126: Yes | S126: 1993 | X126: 22 | AA126: =SUM(X126:Z126) -> 22 | AC126: 22 | AF126: =SUM(AC126:AE126) -> 22 | AI126: 1 | AM126: 0.012 | AN126: 0.012 | AO126: 0 | AP126: 0
D127: 114 | E127: Water Polo | G127: Girls | I127: Jr Varsity | M127: =SUM(K127:L127) -> 0 | O127: Yes | AA127: =SUM(X127:Z127) -> 0 | AF127: =SUM(AC127:AE127) -> 0 | AM127: 0 | AN127: 0 | AO127: 0 | AP127: 0
D128: 115 | E128: Basketball | G128: Girls | I128: Freshman | L128: 0 | M128: =SUM(K128:L128) -> 0 | S128: 1966 | T128: 2015 | Y128: 22 | AA128: =SUM(X128:Z128) -> 22 | AD128: 0 | AF128: =SUM(AC128:AE128) -> 0 | AM128: 0 | AN128: 0 | AO128: 0 | AP128: 0
D129: 116 | E129: Bowling | G129: Girls | I129: Freshman | M129: =SUM(K129:L129) -> 0 | AA129: =SUM(X129:Z129) -> 0 | AF129: =SUM(AC129:AE129) -> 0 | AM129: 0 | AN129: 0 | AO129: 0 | AP129: 0
D130: 117 | E130: Competitive Spirit | G130: Girls | I130: Freshman | M130: =SUM(K130:L130) -> 0 | AA130: =SUM(X130:Z130) -> 0 | AF130: =SUM(AC130:AE130) -> 0 | AM130: 0 | AN130: 0 | AO130: 0 | AP130: 0
D131: 118 | E131: Cross Country | G131: Girls | I131: Freshman | M131: =SUM(K131:L131) -> 0 | AA131: =SUM(X131:Z131) -> 0 | AF131: =SUM(AC131:AE131) -> 0 | AM131: 0 | AN131: 0 | AO131: 0 | AP131: 0
...

Sheet Page 3 - Financial Information
E4: ='Page 1 - General Information'!E4 -> INTERSCHOLASTIC ATHLETIC OPPORTUNITIES DISCLOSURE FORM 15.6
E5: ='Page 1 - General Information'!E5 -> 2014 - 2015 School Year
E7: =IF('Page 1 - General Information'!G14="[Make Selection From Drop-Down List ]","",("School: "&'Page 1 - General Information'!G14&" - "&'Page 1 - General Information'!G16)) -> School: Upper Merion HS - 3395 | O7: Page 3 - Section 1: Financial Information | W7: =IF('Page 1 - General Information'!G10=" [Make Selection From Drop-Down List ]","",("LEA: "&'Page 1 - General Information'!G10&" - "&'Page 1 - General Information'!G12)) -> LEA: Upper Merion Area SD - 123468402
E9: ATHLETIC EXPENDITURES
E10: Team | G10: Boys/Girls | I10: Level | K10: Total Annual School Team Expenditures | M10: SCHOOL'S ANNUAL EXPENDITURES FOR EACH TEAM | W10: NON-SCHOOL (BOOSTER CLUBS, ALUMNI & OTHER NON-SCHOOL) CONTRIBUTIONS & PURCHASES
M11: Travel 1 | N11: Uniforms 2 | O11: Supplies and Equipment 3 | P11: Facilities 4 | Q11: Other | R11: Coaching Staff Compensation per Sport per Season | U11: Total Compensation For All Athletic Trainers Per Academic Year | W11: List total value of contributions per team | X11: List total value of purchases per team
R13: Fall | S13: Winter | T13: Spring | U13: 81015
K14: Totals | M14: =SUM(M16:M186) -> 80219.08 | N14: =SUM(N16:N186) -> 24100.97 | O14: =SUM(O16:O186) -> 22776.44 | P14: =SUM(P16:P186) -> 0 | Q14: =SUM(Q16:Q186) -> 65688.52 | R14: =SUM(R16:R186) -> 160703.02 | S14: =SUM(S16:S186) -> 99250.66 | T14: =SUM(T16:T186) -> 140289.5 | W14: =SUM(W16:W186) -> 113511.27 | X14: =SUM(X16:X186) -> 108325.99
K15: 1 | L15: 2 | M15: 3 | N15: 4 | O15: 5 | P15: 6 | Q15: 7 | R15: 8 | S15: 9 | T15: 10 | U15: 11 | V15: 12 | W15: 13 | X15: 14
D16: 1 | E16: Baseball | G16: Boys | I16: Varsity | K16: =SUM(M16:T16) -> 18093.54 | M16: 1943.44 | N16: 577.15 | O16: 1057.23 | Q16: 1008 | T16: 13507.72 | W16: 818.63 | X16: 556.69
D17: 2 | E17: Basketball | G17: Boys | I17: Varsity | K17: =SUM(M17:T17) -> 19369.37 | M17: 1639.37 | O17: 163.33 | Q17: 3785.17 | S17: 13781.5 | W17: 2166.33 | X17: 2157.75
D18: 3 | E18: Bowling | G18: Boys | I18: Varsity | K18: =SUM(M18:T18) -> 0 | W18: 0 | X18: 0
D19: 4 | E19: Cross Country | G19: Boys | I19: Varsity | K19: =SUM(M19:T19) -> 4730.23 | M19: 1002.6 | Q19: 531 | R19: 3196.63 | W19: 2.25 | X19: 162.84
D20: 5 | E20: Football | G20: Boys | I20: Varsity | K20: =SUM(M20:T20) -> 32509.08 | M20: 3667.75 | N20: 597.97 | O20: 1198.97 | Q20: 5440.75 | R20: 21603.64 | W20: 5180.44 | X20: 5058.82
D21: 6 | E21: Golf | G21: Boys | I21: Varsity | K21: =SUM(M21:T21) -> 3823.44 | M21: 348.13 | O21: 415 | Q21: 503.01 | R21: 2557.3 | W21: 0 | X21: 0
D22: 7 | E22: Lacrosse | G22: Boys | I22: Varsity | K22: =SUM(M22:T22) -> 14959.79 | M22: 1546.69 | N22: 2700 | O22: 1293.93 | Q22: 2003 | T22: 7416.17 | W22: 3858.81 | X22: 3285.58
D23: 8 | E23: Rifle | G23: Boys | I23: Varsity | K23: =SUM(M23:T23) -> 5435.02 | M23: 1220.16 | N23: 200 | Q23: 562.5 | T23: 3452.36 | W23: 15000.26 | X23: 14862.49
D24: 9 | E24: Soccer | G24: Boys | I24: Varsity | K24: =SUM(M24:T24) -> 15026.36 | M24: 808.38 | N24: 103.6 | O24: 2.95 | Q24: 1928.33 | R24: 12183.1 | W24: 1208.44 | X24: 1208.47
D25: 10 | E25: Swimming and Diving | G25: Boys | I25: Varsity | K25: =SUM(M25:T25) -> 9937.74 | M25: 866.18 | N25: 658.18 | O25: 22 | R25: 463.75 | S25: 7927.63 | W25: 1.65 | X25: 211.89
D26: 11 | E26: Tennis | G26: Boys | I26: Varsity | K26: =SUM(M26:T26) -> 6119.36 | M26: 414.38 | O26: 407.98 | T26: 5297 | W26: 0 | X26: 0
D27: 12 | E27: Track & Field (Indoor) | G27: Boys | I27: Varsity | K27: =SUM(M27:T27) -> 6825.31 | M27: 2013.58 | Q27: 250 | S27: 4561.73 | W27: 0 | X27: 0
D28: 13 | E28: Track & Field (Outdoor) | G28: Boys | I28: Varsity | K28: =SUM(M28:T28) -> 11658.49 | M28: 1989.63 | N28: 975.75 | O28: 506.59 | Q28: 1026.5 | T28: 7160.02 | W28: 0 | X28: 0
D29: 14 | E29: Volleyball | G29: Boys | I29: Varsity | K29: =SUM(M29:T29) -> 0 | W29: 0 | X29: 0
D30: 15 | E30: Water Polo | G30: Boys | I30: Varsity | K30: =SUM(M30:T30) -> 8494.6 | M30: 2515.01 | Q30: 308.25 | R30: 5671.34 | W30: 689.5 | X30: 250.85
D31: 16 | E31: Wrestling | G31: Boys | I31: Varsity | K31: =SUM(M31:T31) -> 12707.91 | M31: 2847.38 | N31: 253.45 | O31: 811.6 | Q31: 1151.5 | S31: 7643.98 | W31: 0 | X31: 0
D32: 17 | E32: Baseball | G32: Boys | I32: Jr Varsity | K32: =SUM(M32:T32) -> 10757.16 | M32: 1943.44 | N32: 577.15 | O32: 1057.23 | Q32: 1508 | T32: 5671.34 | W32: 818.64 | X32: 556.69
D33: 18 | E33: Basketball | G33: Boys | I33: Jr Varsity | K33: =SUM(M33:T33) -> 7015.82 | M33: 1639.36 | O33: 163.33 | Q33: 2254.17 | S33: 2958.96 | W33: 2166.33 | X33: 2157.75
D34: 19 | E34: Bowling | G34: Boys | I34: Jr Varsity | K34: =SUM(M34:T34) -> 0 | W34: 0 | X34: 0
D35: 20 | E35: Cross Country | G35: Boys | I35: Jr Varsity | K35: =SUM(M35:T35) -> 4730.22 | M35: 1002.6 | Q35: 531 | R35: 3196.62 | W35: 2.24 | X35: 162.83
D36: 21 | E36: Football | G36: Boys | I36: Jr Varsity | K36: =SUM(M36:T36) -> 27416.82 | M36: 447.5 | N36: 597.97 | O36: 1198.97 | Q36: 3568.75 | R36: 21603.63 | W36: 5180.43 | X36: 5058.81
D37: 22 | E37: Golf | G37: Boys | I37: Jr Varsity | K37: =SUM(M37:T37) -> 0 | W37: 0 | X37: 0
D38: 23 | E38: Lacrosse | G38: Boys | I38: Jr Varsity | K38: =SUM(M38:T38) -> 12839.96 | M38: 1546.69 | N38: 2700 | O38: 1293.93 | Q38: 1628 | T38: 5671.34 | W38: 3858.81 | X38: 3285.58
D39: 24 | E39: Rifle | G39: Boys | I39: Jr Varsity | K39: =SUM(M39:T39) -> 9471.56 | M39: 1220.16 | N39: 200 | Q39: 562.5 | T39: 7488.9 | W39: 15000.25 | X39: 14862.49
D40: 25 | E40: Soccer | G40: Boys | I40: Jr Varsity | K40: =SUM(M40:T40) -> 7396.31 | M40: 808.38 | N40: 103.6 | Q40: 1187.33 | R40: 5297 | W40: 1208.44 | X40: 1208.47
D41: 26 | E41: Swimming and Diving | G41: Boys | I41: Jr Varsity | K41: =SUM(M41:T41) -> 8366.51 | M41: 866.18 | N41: 658.18 | O41: 22 | Q41: 463.75 | S41: 6356.4 | W41: 1.65 | X41: 211.89
D42: 27 | E42: Tennis | G42: Boys | I42: Jr Varsity | K42: =SUM(M42:T42) -> 4767.63 | M42: 414.37 | O42: 407.98 | T42: 3945.28 | W42: 0 | X42: 0
D43: 28 | E43: Track & Field (Indoor) | G43: Boys | I43: Jr Varsity | K43: =SUM(M43:T43) -> 6825.3 | M43: 2013.57 | Q43: 250 | S43: 4561.73 | W43: 0 | X43: 0
D44: 29 | E44: Track & Field (Outdoor) | G44: Boys | I44: Jr Varsity | K44: =SUM(M44:T44) -> 16334.52 | M44: 1989.63 | N44: 975.75 | O44: 506.59 | Q44: 1026.5 | T44: 11836.05 | W44: 0 | X44: 0
D45: 30 | E45: Volleyball | G45: Boys | I45: Jr Varsity | K45: =SUM(M45:T45) -> 0 | W45: 0 | X45: 0
D46: 31 | E46: Water Polo | G46: Boys | I46: Jr Varsity | K46: =SUM(M46:T46) -> 0 | W46: 0 | X46: 0
D47: 32 | E47: Wrestling | G47: Boys | I47: Jr Varsity | K47: =SUM(M47:T47) -> 11201.45 | M47: 2847.38 | N47: 253.45 | O47: 811.6 | Q47: 1151.5 | S47: 6137.52 | W47: 0 | X47: 0
D48: 33 | E48: Baseball | G48: Boys | I48: Freshman | K48: =SUM(M48:T48) -> 10648.18 | M48: 2220.25 | N48: 577.15 | O48: 1057.23 | Q48: 702 | T48: 6091.55 | W48: 818.63 | X48: 556.59
D49: 34 | E49: Basketball | G49: Boys | I49: Freshman | K49: =SUM(M49:T49) -> 6091.89 | M49: 777 | N49: 221.19 | O49: 163.33 | Q49: 1752.17 | S49: 3178.2 | W49: 2166.33 | X49: 2157.75
D50: 35 | E50: Bowling | G50: Boys | I50: Freshman | K50: =SUM(M50:T50) -> 0 | W50: 0 | X50: 0
D51: 36 | E51: Cross Country | G51: Boys | I51: Freshman | K51: =SUM(M51:T51) -> 0 | W51: 0 | X51: 0
D52: 37 | E52: Football | G52: Boys | I52: Freshman | K52: =SUM(M52:T52) -> 17532.54 | M52: 1031 | N52: 597.97 | O52: 1198.97 | Q52: 3379.75 | R52: 11324.85 | W52: 5180.43 | X52: 5058.81
D53: 38 | E53: Golf | G53: Boys | I53: Freshman | K53: =SUM(M53:T53) -> 0 | W53: 0 | X53: 0
D54: 39 | E54: Lacrosse | G54: Boys | I54: Freshman | K54: =SUM(M54:T54) -> 0 | W54: 0 | X54: 0
D55: 40 | E55: Rifle | G55: Boys | I55: Freshman | K55: =SUM(M55:T55) -> 0 | W55: 0 | X55: 0
D56: 41 | E56: Soccer | G56: Boys | I56: Freshman | K56: =SUM(M56:T56) -> 7171.53 | M56: 1493.5 | N56: 103.6 | Q56: 642.83 | R56: 4931.6 | W56: 1208.44 | X56: 1208.47
D57: 42 | E57: Swimming and Diving | G57: Boys | I57: Freshman | K57: =SUM(M57:T57) -> 0 | W57: 0 | X57: 0
D58: 43 | E58: Tennis | G58: Boys | I58: Freshman | K58: =SUM(M58:T58) -> 0 | W58: 0 | X58: 0
D59: 44 | E59: Track & Field (Indoor) | G59: Boys | I59: Freshman | K59: =SUM(M59:T59) -> 0 | W59: 0 | X59: 0
D60: 45 | E60: Track & Field (Outdoor) | G60: Boys | I60: Freshman | K60: =SUM(M60:T60) -> 0 | W60: 0 | X60: 0
D61: 46 | E61: Volleyball | G61: Boys | I61: Freshman | K61: =SUM(M61:T61) -> 0 | W61: 0 | X61: 0
D62: 47 | E62: Water Polo | G62: Boys | I62: Freshman | K62: =SUM(M62:T62) -> 0 | W62: 0 | X62: 0
D63: 48 | E63: Wrestling | G63: Boys | I63: Freshman | K63: =SUM(M63:T63) -> 0 | W63: 0 | X63: 0
D64: 49 | E64: Baseball | G64: Boys | I64: 8th Grade | K64: =SUM(M64:T64) -> 0 | W64: 0 | X64: 0
D65: 50 | E65: Basketball | G65: Boys | I65: 8th Grade | K65: =SUM(M65:T65) -> 0 | W65: 0 | X65: 0
D66: 51 | E66: Bowling | G66: Boys | I66: 8th Grade | K66: =SUM(M66:T66) -> 0 | W66: 0 | X66: 0
D67: 52 | E67: Cross Country | G67: Boys | I67: 8th Grade | K67: =SUM(M67:T67) -> 0 | W67: 0 | X67: 0
D68: 53 | E68: Football | G68: Boys | I68: 8th Grade | K68: =SUM(M68:T68) -> 0 | W68: 0 | X68: 0
... D95: 80 | E95: Wrestling | G95: Boys | I95: 7th Grade | K95: =SUM(M95:T95) -> 0 | W95: 0 | X95: 0
D96: 81 | E96: Basketball | G96: Girls | I96: Varsity | K96: =SUM(M96:T96) -> 15044.3 | M96: 1162.69 | N96: 850 | Q96: 4821.26 | S96: 8210.35 | W96: 2319.22 | X96: 2558.01
D97: 82 | E97: Bowling | G97: Girls | I97: Varsity | K97: =SUM(M97:T97) -> 0 | W97: 0 | X97: 0
D98: 83 | E98: Competitive Spirit | G98: Girls | I98: Varsity | K98: =SUM(M98:T98) -> 9823.42 | M98: 1132.75 | N98: 1134.5 | Q98: 140 | R98: 3708.09 | S98: 3708.08 | W98: 0 | X98: 0
D99: 84 | E99: Cross Country | G99: Girls | I99: Varsity | K99: =SUM(M99:T99) -> 4615.85 | M99: 1002.6 | Q99: 531 | R99: 3082.25 | W99: 2.25 | X99: 162.83
D100: 85 | E100: Field Hockey | G100: Girls | I100: Varsity | K100: =SUM(M100:T100) -> 9981.36 | M100: 788.13 | O100: 1184.13 | Q100: 1123 | R100: 6886.1 | W100: 471.27 | X100: 250.04
D101: 86 | E101: Golf | G101: Girls | I101: Varsity | K101: =SUM(M101:T101) -> 3823.42 | M101: 348.12 | O101: 415 | Q101: 503 | R101: 2557.3 | W101: 0 | X101: 0
D102: 87 | E102: Gymnastics | G102: Girls | I102: Varsity | K102: =SUM(M102:T102) -> 0 | W102: 0 | X102: 0
D103: 88 | E103: Lacrosse | G103: Girls | I103: Varsity | K103: =SUM(M103:T103) -> 11004.01 | M103: 1375.63 | N103: 545 | O103: 409.73 | Q103: 993 | T103: 7680.65 | W103: 2080.08 | X103: 1677.95
D104: 89 | E104: Rifle | G104: Girls | I104: Varsity | K104: =SUM(M104:T104) -> 5435.01 | M104: 1220.16 | N104: 200 | Q104: 562.5 | T104: 3452.35 | W104: 15000.25 | X104: 14862.49
D105: 90 | E105: Soccer | G105: Girls | I105: Varsity | K105: =SUM(M105:T105) -> 14795.53 | M105: 902.63 | N105: 72 | O105: 1038.22 | Q105: 1440 | R105: 11342.68 | W105: 168.61 | X105: 361.09
D106: 91 | E106: Softball, Fast Pitch | G106: Girls | I106: Varsity | K106: =SUM(M106:T106) -> 16736.36 | M106: 1026 | N106: 210 | O106: 512.4 | Q106: 1690 | T106: 13297.96 | W106: 766.36 | X106: 250.52
D107: 92 | E107: Swimming and Diving | G107: Girls | I107: Varsity | K107: =SUM(M107:T107) -> 10846.51 | M107: 866.18 | N107: 1284.23 | O107: 22 | Q107: 463.75 | S107: 8210.35 | W107: 1.65 | X107: 211.9
D108: 93 | E108: Tennis | G108: Girls | I108: Varsity | K108: =SUM(M108:T108) -> 5688.31 | M108: 554.63 | O108: 202.08 | R108: 4931.6 | W108: 0 | X108: 0
D109: 94 | E109: Track & Field (Indoor) | G109: Girls | I109: Varsity | K109: =SUM(M109:T109) -> 6422.48 | M109: 1635.75 | Q109: 225 | S109: 4561.73 | W109: 0 | X109: 0
D110: 95 | E110: Track & Field (Outdoor) | G110: Girls | I110: Varsity | K110: =SUM(M110:T110) -> 10824.94 | M110: 1989.63 | N110: 263.7 | O110: 506.59 | Q110: 905 | T110: 7160.02 | W110: 0 | X110: 0
D111: 96 | E111: Volleyball | G111: Girls | I111: Varsity | K111: =SUM(M111:T111) -> 11722.68 | M111: 2479.38 | N111: 675 | O111: 425.2 | Q111: 1257 | R111: 6886.1 | W111: 2332.74 | X111: 1582.01
D112: 97 | E112: Water Polo | G112: Girls | I112: Varsity | K112: =SUM(M112:T112) -> 8494.59 | M112: 2515 | Q112: 308.25 | R112: 5671.34 | W112: 689.5 | X112: 250.84
D113: 98 | E113: Basketball | G113: Girls | I113: Jr Varsity | K113: =SUM(M113:T113) -> 11709.34 | M113: 1162.69 | N113: 850 | Q113: 3340.25 | S113: 6356.4 | W113: 2319.22 | X113: 2558.01
D114: 99 | E114: Bowling | G114: Girls | I114: Jr Varsity | K114: =SUM(M114:T114) -> 0 | W114: 0 | X114: 0
D115: 100 | E115: Competitive Spirit | G115: Girls | I115: Jr Varsity | K115: =SUM(M115:T115) -> 5612.79 | M115: 1132.75 | N115: 1134.5 | Q115: 140 | R115: 1602.77 | S115: 1602.77 | W115: 0 | X115: 0
D116: 101 | E116: Cross Country | G116: Girls | I116: Jr Varsity | K116: =SUM(M116:T116) -> 4615.85 | M116: 1002.6 | Q116: 531 | R116: 3082.25 | W116: 2.24 | X116: 162.83
D117: 102 | E117: Field Hockey | G117: Girls | I117: Jr Varsity | K117: =SUM(M117:T117) -> 8209.85 | M117: 788.12 | O117: 1184.13 | Q117: 1123 | R117: 5114.6 | W117: 471.27 | X117: 250.04
D118: 103 | E118: Golf | G118: Girls | I118: Jr Varsity | K118: =SUM(M118:T118) -> 0 | W118: 0 | X118: 0
D119: 104 | E119: Gymnastics | G119: Girls | I119: Jr Varsity | K119: =SUM(M119:T119) -> 0 | W119: 0 | X119: 0
D120: 105 | E120: Lacrosse | G120: Girls | I120: Jr Varsity | K120: =SUM(M120:T120) -> 9487.85 | M120: 1375.62 | N120: 545 | O120: 409.73 | Q120: 993 | T120: 6164.5 | W120: 2080.08 | X120: 1677.95
D121: 106 | E121: Rifle | G121: Girls | I121: Jr Varsity | K121: =SUM(M121:T121) -> 9471.56 | M121: 1220.16 | N121: 200 | Q121: 562.5 | T121: 7488.9 | W121: 15000.26 | X121: 14862.49
D122: 107 | E122: Soccer | G122: Girls | I122: Jr Varsity | K122: =SUM(M122:T122) -> 7727.44 | M122: 902.62 | N122: 72 | O122: 1038.22 | Q122: 783 | R122: 4931.6 | W122: 168.6 | X122: 361.08
D123: 108 | E123: Softball, Fast Pitch | G123: Girls | I123: Jr Varsity | K123: =SUM(M123:T123) -> 8715.74 | M123: 1026 | N123: 210 | O123: 512.4 | Q123: 1296 | T123: 5671.34 | W123: 766.35 | X123: 250.51
D124: 109 | E124: Swimming and Diving | G124: Girls | I124: Jr Varsity | K124: =SUM(M124:T124) -> 7567.76 | M124: 866.18 | N124: 1284.23 | O124: 22 | Q124: 463.75 | S124: 4931.6 | W124: 1.66 | X124: 211.89
D125: 110 | E125: Tennis | G125: Girls | I125: Jr Varsity | K125: =SUM(M125:T125) -> 4701.98 | M125: 554.62 | O125: 202.08 | R125: 3945.28 | W125: 0 | X125: 0
D126: 111 | E126: Track & Field (Indoor) | G126: Girls | I126: Jr Varsity | K126: =SUM(M126:T126) -> 6422.48 | M126: 1635.75 | Q126: 225 | S126: 4561.73 | W126: 0 | X126: 0
D127: 112 | E127: Track & Field (Outdoor) | G127: Girls | I127: Jr Varsity | K127: =SUM(M127:T127) -> 15500.97 | M127: 1989.63 | N127: 263.7 | O127: 506.59 | Q127: 905 | T127: 11836.05 | W127: 0 | X127: 0
D128: 113 | E128: Volleyball | G128: Girls | I128: Jr Varsity | K128: =SUM(M128:T128) -> 9768.17 | M128: 2479.37 | N128: 675 | O128: 425.2 | Q128: 1257 | R128: 4931.6 | W128: 2332.73 | X128: 1582
D129: 114 | E129: Water Polo | G129: Girls | I129: Jr Varsity | K129: =SUM(M129:T129) -> 0 | W129: 0 | X129: 0
D130: 115 | E130: Basketball | G130: Girls | I130: Freshman | K130: =SUM(M130:T130) -> 0 | W130: 0 | X130: 0
D131: 116 | E131: Bowling | G131: Girls | I131: Freshman | K131: =SUM(M131:T131) -> 0 | W131: 0 | X131: 0
D132: 117 | E132: Competitive Spirit | G132: Girls | I132: Freshman | K132: =SUM(M132:T132) -> 0 | W132: 0 | X132: 0
...

Sheet Page 4 - Gender and Race Info
E4: ='Page 1 - General Information'!E4 -> INTERSCHOLASTIC ATHLETIC OPPORTUNITIES DISCLOSURE FORM 15.6
C5: ='Page 1 - General Information'!E5 -> 2014 - 2015 School Year | E5: ='Page 1 - General Information'!E5 -> 2014 - 2015 School Year
E7: =IF('Page 1 - General Information'!G14="[Make Selection From Drop-Down List ]","",("School: "&'Page 1 - General Information'!G14&" - "&'Page 1 - General Information'!G16)) -> School: Upper Merion HS - 3395 | J7: Page 5 - Section 1: Gender and Race/Ethnicity Information | S7: =IF('Page 1 - General Information'!H10=" [Make Selection From Drop-Down List ]","",("LEA: "&'Page 1 - General Information'!G10&" - "&'Page 1 - General Information'!G12)) -> LEA: Upper Merion Area SD - 123468402
E10: Gender | F10: School Totals | O10: Athletic Program Totals
F11: Race/Ethnicity Code | O11: Race/Ethnicity Code
F12: American Indian/Alaskan Native | G12: Black/African American (Not Hispanic) | H12: Hispanic (Any Race) | I12: White/Caucasian (Not Hispanic) | J12: Multi-Racial (Not Hispanic) | K12: Asian (Not Hispanic) | L12: Native Hawaiian or Other Pacific Islander (Not Hispanic) | M12: Total | O12: American Indian/Alaskan Native | P12: Black/African American (Not Hispanic) | Q12: Hispanic (Any Race) | R12: White/Caucasian (Not Hispanic) | S12: Multi-Racial (Not Hispanic) | T12: Asian (Not Hispanic) | U12: Native Hawaiian or Other Pacific Islander (Not Hispanic) | V12: Total
F13: 1 | G13: 2 | H13: 3 | I13: 4 | J13: 5 | K13: 6 | L13: 7 | M13: 8 | N13: 9 | O13: 10 | P13: 11 | Q13: 12 | R13: 13 | S13: 14 | T13: 15 | U13: 16 | V13: 17
D14: ='Page 1 - General Information'!G12&'Page 1 - General Information'!G16&'Page 4 - Gender and Race Info'!E14 -> 1234684023395Male | E14: Male | F14: =IF(ISERROR(VLOOKUP($D$14,'Race Data'!$B:$O,7,FALSE))," ",(VLOOKUP($D$14,'Race Data'!$B:$O,7,FALSE))) -> * | G14: =IF(ISERROR(VLOOKUP($D$14,'Race Data'!$B:$O,8,FALSE))," ",(VLOOKUP($D$14,'Race Data'!$B:$O,8,FALSE))) -> 59 | H14: =IF(ISERROR(VLOOKUP($D$14,'Race Data'!$B:$O,9,FALSE))," ",(VLOOKUP($D$14,'Race Data'!$B:$O,9,FALSE))) -> 34 | I14: =IF(ISERROR(VLOOKUP($D$14,'Race Data'!$B:$O,10,FALSE))," ",(VLOOKUP($D$14,'Race Data'!$B:$O,10,FALSE))) -> 383 | J14: =IF(ISERROR(VLOOKUP($D$14,'Race Data'!$B:$O,11,FALSE))," ",(VLOOKUP($D$14,'Race Data'!$B:$O,11,FALSE))) -> * | K14: =IF(ISERROR(VLOOKUP($D$14,'Race Data'!$B:$O,12,FALSE))," ",(VLOOKUP($D$14,'Race Data'!$B:$O,12,FALSE))) -> 79 | L14: =IF(ISERROR(VLOOKUP($D$14,'Race Data'!$B:$O,13,FALSE))," ",(VLOOKUP($D$14,'Race Data'!$B:$O,13,FALSE))) -> * | M14: =IF(ISERROR(VLOOKUP($D$14,'Race Data'!$B:$O,14,FALSE))," ",(VLOOKUP($D$14,'Race Data'!$B:$O,14,FALSE))) -> 580 | O14: 1 | P14: 47 | Q14: 16 | R14: 312 | S14: 11 | T14: 67 | U14: 16 | V14: =SUM(O14:U14) -> 470
D15: ='Page 1 - General Information'!G12&'Page 1 - General Information'!G16&'Page 4 - Gender and Race Info'!E15 -> 1234684023395Female | E15: Female | F15: =IF(ISERROR(VLOOKUP($D$15,'Race Data'!$B:$O,7,FALSE))," ",(VLOOKUP($D$15,'Race Data'!$B:$O,7,FALSE))) -> * | G15: =IF(ISERROR(VLOOKUP($D$15,'Race Data'!$B:$O,8,FALSE))," ",(VLOOKUP($D$15,'Race Data'!$B:$O,8,FALSE))) -> 71 | H15: =IF(ISERROR(VLOOKUP($D$15,'Race Data'!$B:$O,9,FALSE))," ",(VLOOKUP($D$15,'Race Data'!$B:$O,9,FALSE))) -> 39 | I15: =IF(ISERROR(VLOOKUP($D$15,'Race Data'!$B:$O,10,FALSE))," ",(VLOOKUP($D$15,'Race Data'!$B:$O,10,FALSE))) -> 342 | J15: =IF(ISERROR(VLOOKUP($D$15,'Race Data'!$B:$O,11,FALSE))," ",(VLOOKUP($D$15,'Race Data'!$B:$O,11,FALSE))) -> 14 | K15: =IF(ISERROR(VLOOKUP($D$15,'Race Data'!$B:$O,12,FALSE))," ",(VLOOKUP($D$15,'Race Data'!$B:$O,12,FALSE))) -> 77 | L15: =IF(ISERROR(VLOOKUP($D$15,'Race Data'!$B:$O,13,FALSE))," ",(VLOOKUP($D$15,'Race Data'!$B:$O,13,FALSE))) -> * | M15: =IF(ISERROR(VLOOKUP($D$15,'Race Data'!$B:$O,14,FALSE))," ",(VLOOKUP($D$15,'Race Data'!$B:$O,14,FALSE))) -> 557 | O15: 3 | P15: 41 | Q15: 22 | R15: 274 | S15: 6 | T15: 50 | U15: 7 | V15: =SUM(O15:U15) -> 403
D16: ='Page 1 - General Information'!G12&'Page 1 - General Information'!G16&" "&'Page 4 - Gender and Race Info'!E16 -> 1234684023395 Total | E16: Total | F16: =IF(ISERROR(VLOOKUP($D$16,'Race Data'!$B:$O,7,FALSE))," ",(VLOOKUP($D$16,'Race Data'!$B:$O,7,FALSE))) -> * | G16: =IF(ISERROR(VLOOKUP($D$16,'Race Data'!$B:$O,8,FALSE))," ",(VLOOKUP($D$16,'Race Data'!$B:$O,8,FALSE))) -> 130 | H16: =IF(ISERROR(VLOOKUP($D$16,'Race Data'!$B:$O,9,FALSE))," ",(VLOOKUP($D$16,'Race Data'!$B:$O,9,FALSE))) -> 73 | I16: =IF(ISERROR(VLOOKUP($D$16,'Race Data'!$B:$O,10,FALSE))," ",(VLOOKUP($D$16,'Race Data'!$B:$O,10,FALSE))) -> 725 | J16: =IF(ISERROR(VLOOKUP($D$16,'Race Data'!$B:$O,11,FALSE))," ",(VLOOKUP($D$16,'Race Data'!$B:$O,11,FALSE))) -> * | K16: =IF(ISERROR(VLOOKUP($D$16,'Race Data'!$B:$O,12,FALSE))," ",(VLOOKUP($D$16,'Race Data'!$B:$O,12,FALSE))) -> 156 | L16: =IF(ISERROR(VLOOKUP($D$16,'Race Data'!$B:$O,13,FALSE))," ",(VLOOKUP($D$16,'Race Data'!$B:$O,13,FALSE))) -> 20 | M16: =IF(ISERROR(VLOOKUP($D$16,'Race Data'!$B:$O,14,FALSE))," ",(VLOOKUP($D$16,'Race Data'!$B:$O,14,FALSE))) -> 1137 | N16: =N14+N15 -> 0 | O16: =O14+O15 -> 4 | P16: =P14+P15 -> 88 | Q16: =Q14+Q15 -> 38 | R16: =R14+R15 -> 586 | S16: =S14+S15 -> 17 | T16: =T14+T15 -> 117 | U16: =U14+U15 -> 23 | V16: =V14+V15 -> 873
E20: Note: Some information has been redacted in order to protect individual idendtification

Sheet Page 5 - Comments
D4: ='Page 1 - General Information'!E4 -> INTERSCHOLASTIC ATHLETIC OPPORTUNITIES DISCLOSURE FORM 15.6
D5: ='Page 1 - General Information'!E5 -> 2014 - 2015 School Year
E7: =IF('Page 1 - General Information'!G14="[Make Selection From Drop-Down List ]","",("School: "&'Page 1 - General Information'!G14&" - "&'Page 1 - General Information'!G16)) -> School: Upper Merion HS - 3395 | J7: Page 4 - Section 1: Comments | N7: =IF('Page 1 - General Information'!G10=" [Make Selection From Drop-Down List ]","",("LEA: "&'Page 1 - General Information'!G10&" - "&'Page 1 - General Information'!G12)) -> LEA: Upper Merion Area SD - 123468402
E11: Please Provide All Applicable Comments Below
E12: For Best Results, Compose In A Word Processor, Copy And Paste To The Formula Bar Above, Then Press Enter.
E13: Input Is Limited To 100 Characters
E15: Crew is not a sport that was eligible to record information on the TEAM INFORMATION tab PAGE 2 and FINANCIAL INFORMATION tab PAGE 3. Upper Merion Area High School's Crew info has been recorded under the Boys and Girls Varsity Rifle tab on PAGE 2 and PAGE 3.

Sheet PIMS LEA
A1: AUN | B1: LEA Name | C1: AUN | D1: LEA Type | E1: Full Address | F1: District Street Address | G1: District Address 2 | H1: District Address 3 | I1: District City | J1: State Code | K1: District Zip Code
A2: 000000000 | B2: [Make Selection From Drop-Down List ] | C2: 000000000
A3: 124150002 | B3: 21st Century Cyber CS | C3: 124150002 | D3: CS | E3: 126 Wallace Ave. Downingtown, PA 19335
A4: 103020407 | B4: A W Beattie Career Center | C4: 103020407 | D4: OCCCTC | E4: 9600 Babcock Boulevard Allison Park, PA 15101
A5: 119350303 | B5: Abington Heights SD | C5: 119350303 | D5: SD | E5: 200 E Grove St Clarks Summit, PA 18411
A6: 123460302 | B6: Abington SD | C6: 123460302 | D6: SD | E6: 970 Highland Ave Abington, PA 19001
A7: 102020003 | B7: Academy CS | C7: 102020003 | D7: CS | E7: 900 Agnew Rd Pittsburgh, PA 15227
A8: 125230001 | B8: Achievement House CS | C8: 125230001 | D8: CS | E8: 600 Eagleview Boulevard Exton, PA 19341
A9: 126514368 | B9: ACT Academy Cyber CS | C9: 126514368 | D9: CS | E9: 2111 Eastburn Avenue Philadelphia, PA 19138
A10: 126510015 | B10: Ad Prima CS | C10: 126510015 | D10: CS | E10: 124 Bryn Mawr Ave Bala Cynwyd, PA 19004
A11: 108110307 | B11: Admiral Peary AVTS | C11: 108110307 | D11: OCCCTC | E11: 948 Ben Franklin Highway Ebensburg, PA 15931
A12: 126510020 | B12: Agora Cyber CS | C12: 126510020 | D12: CS | E12: 995 Old Eagle School Rd Suite 315 Wayne, PA 19087
A13: 101260303 | B13: Albert Gallatin Area SD | C13: 101260303 | D13: SD | E13: 2625 Morgantown Rd Uniontown, PA 15401
A14: 127040503 | B14: Aliquippa SD | C14: 127040503 | D14: SD | E14: 800 21st Street Aliquippa, PA 15001
... A757: 111319998 | B757: Youth Forestry Camp #3 | C757: 111319998 | D757: SJCI | E757: 4534 Tar Kiln Road James Creek, PA 16657

Sheet PIMS School
A1: AUN | B1: Index | C1: Building Key | D1: Building Key 2 | E1: LEA Name | F1: LEA Type | G1: School Type | H1: Location ID | I1: Full Location Name | J1: Location ID | K1: Full Address | L1: Location Street Address | M1: Location Address 1 | N1: Location Address 2 | O1: Location Address 3 | P1: Location City | Q1: Location State Code | R1: Location Full Zip Code
A2: 124150002 | B2: 1 | C2: 1241500021 | D2: 12415000221st Century Cyber CS | E2: 21st Century Cyber CS | F2: CS | G2: 0000 | H2: 7691 | I2: 21st Century Cyber CS | J2: 7691 | K2: 126 Wallace Ave. Downingtown, PA 19335
A3: 103020407 | B3: 1 | C3: 1030204071 | D3: 103020407A W Beattie Career Center | E3: A W Beattie Career Center | F3: OCCCTC | G3: 0000 | H3: 5273 | I3: A W Beattie Career Center | J3: 5273 | K3: 9600 Babcock Boulevard Allison Park, PA 15101
A4: 119350303 | B4: 1 | C4: 1193503031 | D4: 119350303Abington Heights HS | E4: Abington Heights SD | F4: SD | G4: 0000 | H4: 5091 | I4: Abington Heights HS | J4: 5091 | K4: 222 Noble Road Clarks Summit, PA 18411
A5: 119350303 | B5: 2 | C5: 1193503032 | D5: 119350303Abington Heights MS | E5: Abington Heights SD | F5: SD | G5: 0000 | H5: 6839 | I5: Abington Heights MS | J5: 6839 | K5: 1555 Newton Ransom Blvd Clarks Summit, PA 18411
A6: 123460302 | B6: 1 | C6: 1234603021 | D6: 123460302Abington JHS | E6: Abington SD | F6: SD | G6: 0000 | H6: 3242 | I6: Abington JHS | J6: 3242 | K6: 2056 Susquehanna St Abington, PA 19001
A7: 123460302 | B7: 2 | C7: 1234603022 | D7: 123460302Abington SHS | E7: Abington SD | F7: SD | G7: 0000 | H7: 3241 | I7: Abington SHS | J7: 3241 | K7: 900 Highland Avenue Abington, PA 19001
A8: 102020003 | B8: 1 | C8: 1020200031 | D8: 102020003Academy CS | E8: Academy CS | F8: CS | G8: 0000 | H8: 7846 | I8: Academy CS | J8: 7846 | K8: 900 Agnew Rd Pittsburgh, PA 15227
A9: 125230001 | B9: 1 | C9: 1252300011 | D9: 125230001Achievement House CS | E9: Achievement House CS | F9: CS | G9: 0000 | H9: 7824 | I9: Achievement House CS | J9: 7824 | K9: 600 Eagleview Boulevard Exton, PA 19341
A10: 126514368 | B10: 1 | C10: 1265143681 | D10: 126514368ACT Academy Cyber CS | E10: ACT Academy Cyber CS | F10: CS | G10: 0000 | H10: 8217 | I10: ACT Academy Cyber CS | J10: 8217 | K10: 2111 Eastburn Avenue Philadelphia, PA 19138
A11: 126510015 | B11: 1 | C11: 1265100151 | D11: 126510015Ad Prima CS | E11: Ad Prima CS | F11: CS | G11: 0000 | H11: 7825 | I11: Ad Prima CS | J11: 7825 | K11: Administrative Office Bala Cynwyd, PA 19004
A12: 108110307 | B12: 1 | C12: 1081103071 | D12: 108110307Admiral Peary AVTS | E12: Admiral Peary AVTS | F12: OCCCTC | G12: 0000 | H12: 6661 | I12: Admiral Peary AVTS | J12: 6661 | K12: 948 Ben Franklin Highway Ebensburg, PA 15931
A13: 126510020 | B13: 1 | C13: 1265100201 | D13: 126510020Agora Cyber CS | E13: Agora Cyber CS | F13: CS | G13: 0000 | H13: 7858 | I13: Agora Cyber CS | J13: 7858 | K13: 995 Old Eagle School Rd Suite 315 Wayne, PA 19087
... A1457: 111319998 | B1457: 1 | C1457: 1113199981 | D1457: 111319998Youth Forestry Camp #3 | E1457: Youth Forestry Camp #3 | F1457: SJCI | G1457: 0000 | H1457: 7154 | I1457: Youth Forestry Camp #3 | J1457: 7154 | K1457: 4534 Tar Kiln Road James Creek, PA 16657

Sheet Enrollment Report
A1: Final Oct 2014 Enrollment Tony D File 09/01/2015 | B1: Grade Level
B2: 007 | C2: 007 | D2: 008 | E2: 008 | F2: 009 | G2: 009 | H2: 010 | I2: 010 | J2: 011 | K2: 011 | L2: 012 | M2: 012 | N2: Grand Total
A3: Key | B3: Female | C3: Male | D3: Female | E3: Male | F3: Female | G3: Male | H3: Female | I3: Male | J3: Female | K3: Male | L3: Female | M3: Male
A4: 1005100007744 | B4: 46 | C4: 38 | D4: 56 | E4: 27 | F4: 36 | G4: 37 | H4: 59 | I4: 38 | J4: 0 | K4: 0 | L4: 0 | M4: 0 | N4: =SUM(B4:M4) -> 337
A5: 1012603036001 | B5: 0 | C5: 0 | D5: 0 | E5: 0 | F5: 136 | G5: 148 | H5: 136 | I5: 144 | J5: 124 | K5: 144 | L5: 137 | M5: 128 | N5: =SUM(B5:M5) -> 1097
A6: 1012603037607 | B6: 52 | C6: 77 | D6: 74 | E6: 71 | F6: 0 | G6: 0 | H6: 0 | I6: 0 | J6: 0 | K6: 0 | L6: 0 | M6: 0 | N6: =SUM(B6:M6) -> 274
A7: 1012603037608 | B7: 72 | C7: 66 | D7: 67 | E7: 70 | F7: 0 | G7: 0 | H7: 0 | I7: 0 | J7: 0 | K7: 0 | L7: 0 | M7: 0 | N7: =SUM(B7:M7) -> 275
A8: 1012608032154 | B8: 68 | C8: 65 | D8: 66 | E8: 63 | F8: 0 | G8: 0 | H8: 0 | I8: 0 | J8: 0 | K8: 0 | L8: 0 | M8: 0 | N8: =SUM(B8:M8) -> 262
A9: 1012608034818 | B9: 0 | C9: 0 | D9: 0 | E9: 0 | F9: 69 | G9: 93 | H9: 64 | I9: 50 | J9: 55 | K9: 63 | L9: 61 | M9: 55 | N9: =SUM(B9:M9) -> 510
A10: 1012613022105 | B10: 186 | C10: 197 | D10: 168 | E10: 198 | F10: 0 | G10: 0 | H10: 0 | I10: 0 | J10: 0 | K10: 0 | L10: 0 | M10: 0 | N10: =SUM(B10:M10) -> 749
A11: 1012613025228 | B11: 1 | C11: 0 | D11: 0 | E11: 0 | F11: 170 | G11: 220 | H11: 163 | I11: 193 | J11: 120 | K11: 106 | L11: 99 | M11: 102 | N11: =SUM(B11:M11) -> 1174
A12: 1012625074842 | B12: 0 | C12: 0 | D12: 0 | E12: 0 | F12: 0 | G12: 0 | H12: 99 | I12: 107 | J12: 94 | K12: 126 | L12: 59 | M12: 98 | N12: =SUM(B12:M12) -> 583
A13: 1012629032126 | B13: 0 | C13: 0 | D13: 0 | E13: 0 | F13: 45 | G13: 52 | H13: 41 | I13: 48 | J13: 38 | K13: 42 | L13: 40 | M13: 44 | N13: =SUM(B13:M13) -> 350
A14: 1012629037176 | B14: 47 | C14: 46 | D14: 48 | E14: 53 | F14: 0 | G14: 0 | H14: 0 | I14: 0 | J14: 0 | K14: 0 | L14: 0 | M14: 0 | N14: =SUM(B14:M14) -> 194
A15: 1012640035146 | B15: 118 | C15: 124 | D15: 135 | E15: 145 | F15: 0 | G15: 0 | H15: 0 | I15: 0 | J15: 0 | K15: 0 | L15: 0 | M15: 0 | N15: =SUM(B15:M15) -> 522
... A1478: 1990254468028 | B1478: 29 | C1478: 38 | D1478: 33 | E1478: 27 | F1478: 0 | G1478: 0 | H1478: 0 | I1478: 0 | J1478: 0 | K1478: 0 | L1478: 0 | M1478: 0 | N1478: =SUM(B1478:M1478) -> 127

Sheet Race Data
B1: 9/1/2015 File
B2: 1 | C2: 2 | D2: 3 | E2: 4 | F2: 5 | G2: 6 | H2: 7 | I2: 8 | J2: 9 | K2: 10 | L2: 11 | M2: 12 | N2: 13 | O2: 14
B3: KEY | C3: AUN | D3: LEA | E3: School | F3: Bld # | G3: Gender | H3: American Indian/Alaskan Native | I3: Black/African American (Not Hispanic) | J3: Hispanic (Any Race) | K3: White/Caucasian (Not Hispanic) | L3: Multi-Racial (Not Hispanic) | M3: Asian (Not Hispanic) | N3: Native Hawaiian or Other Pacific Islander (Not Hispanic) | O3: Total
B4: 1241500027691Female | C4: 124150002 | D4: 21st Century Cyber CS | E4: 21st Century Cyber CS | F4: 7691 | G4: Female | H4: * | I4: 34 | J4: 30 | K4: 388 | L4: 15 | M4: * | N4: * | O4: 476
B5: 1241500027691Male | C5: 124150002 | D5: 21st Century Cyber CS | E5: 21st Century Cyber CS | F5: 7691 | G5: Male | H5: 0 | I5: 31 | J5: 21 | K5: 253 | L5: * | M5: * | N5: * | O5: 316
B6: =C6&F6 -> 1241500027691 Total | C6: 124150002 | D6: 21st Century Cyber CS | E6: 21st Century Cyber CS | F6: 7691 Total | G6: Total | H6: * | I6: 65 | J6: 51 | K6: 641 | L6: * | M6: * | N6: * | O6: 792
B7: 1030204075273Female | C7: 103020407 | D7: A W Beattie Career Center | E7: A W Beattie Career Center | F7: 5273 | G7: Female | H7: 0 | I7: 15 | J7: * | K7: 255 | L7: * | M7: * | N7: 0 | O7: 281
B8: 1030204075273Male | C8: 103020407 | D8: A W Beattie Career Center | E8: A W Beattie Career Center | F8: 5273 | G8: Male | H8: * | I8: 13 | J8: * | K8: 358 | L8: * | M8: * | N8: 0 | O8: 380
B9: =C9&F9 -> 1030204075273 Total | C9: 103020407 | D9: A W Beattie Career Center | E9: A W Beattie Career Center | F9: 5273 Total | G9: Total | H9: * | I9: 28 | J9: * | K9: 613 | L9: * | M9: * | N9: 0 | O9: 661
B10: 1193503035091Female | C10: 119350303 | D10: Abington Heights SD | E10: Abington Heights HS | F10: 5091 | G10: Female | H10: 0 | I10: * | J10: 11 | K10: 447 | L10: * | M10: 21 | N10: 0 | O10: 492
B11: 1193503035091Male | C11: 119350303 | D11: Abington Heights SD | E11: Abington Heights HS | F11: 5091 | G11: Male | H11: 0 | I11: * | J11: * | K11: 491 | L11: * | M11: 28 | N11: 0 | O11: 542
B12: =C12&F12 -> 1193503035091 Total | C12: 119350303 | D12: Abington Heights SD | E12: Abington Heights HS | F12: 5091 Total | G12: Total | H12: 0 | I12: * | J12: * | K12: 938 | L12: * | M12: 49 | N12: 0 | O12: 1034
B13: 1193503036839Female | C13: 119350303 | D13: Abington Heights SD | E13: Abington Heights MS | F13: 6839 | G13: Female | H13: * | I13: * | J13: * | K13: 232 | L13: * | M13: * | N13: 0 | O13: 250
B14: 1193503036839Male | C14: 119350303 | D14: Abington Heights SD | E14: Abington Heights MS | F14: 6839 | G14: Male | H14: * | I14: * | J14: * | K14: 251 | L14: * | M14: 13 | N14: 0 | O14: 273
B15: =C15&F15 -> 1193503036839 Total | C15: 119350303 | D15: Abington Heights SD | E15: Abington Heights MS | F15: 6839 Total | G15: Total | H15: * | I15: * | J15: * | K15: 483 | L15: * | M15: * | N15: 0 | O15: 523
B16: 1234603023241Female | C16: 123460302 | D16: Abington SD | E16: Abington SHS | F16: 3241 | G16: Female | H16: 0 | I16: 177 | J16: 51 | K16: 540 | L16: 15 | M16: 40 | N16: 0 | O16: 823
B17: 1234603023241Male | C17: 123460302 | D17: Abington SD | E17: Abington SHS | F17: 3241 | G17: Male | H17: 0 | I17: 228 | J17: 45 | K17: 588 | L17: * | M17: 39 | N17: * | O17: 920
B18: =C18&F18 -> 1234603023241 Total | C18: 123460302 | D18: Abington SD | E18: Abington SHS | F18: 3241 Total | G18: Total | H18: 0 | I18: 405 | J18: 96 | K18: 1128 | L18: * | M18: 79 | N18: * | O18: 1743
B19: 1234603023242Female | C19: 123460302 | D19: Abington SD | E19: Abington JHS | F19: 3242 | G19: Female | H19: * | I19: 164 | J19: 54 | K19: 531 | L19: * | M19: 34 | N19: 0 | O19: 810
B20: 1234603023242Male | C20: 123460302 | D20: Abington SD | E20: Abington JHS | F20: 3242 | G20: Male | H20: * | I20: 183 | J20: 65 | K20: 608 | L20: 21 | M20: 39 | N20: * | O20: 921
B21: =C21&F21 -> 1234603023242 Total | C21: 123460302 | D21: Abington SD | E21: Abington JHS | F21: 3242 Total | G21: Total | H21: * | I21: 347 | J21: 119 | K21: 1139 | L21: * | M21: 73 | N21: * | O21: 1731
B22: 1020200037846Female | C22: 102020003 | D22: Academy CS | E22: Academy CS | F22: 7846 | G22: Female | H22: 0 | I22: * | J22: 0 | K22: * | L22: 0 | M22: 0 | N22: 0 | O22: 49
B23: 1020200037846Male | C23: 102020003 | D23: Academy CS | E23: Academy CS | F23: 7846 | G23: Male | H23: 0 | I23: 103 | J23: 0 | K23: * | L23: * | M23: 0 | N23: 0 | O23: 118
B24: =C24&F24 -> 1020200037846 Total | C24: 102020003 | D24: Academy CS | E24: Academy CS | F24: 7846 Total | G24: Total | H24: 0 | I24: * | J24: 0 | K24: * | L24: * | M24: 0 | N24: 0 | O24: 167
B25: 1252300017824Female | C25: 125230001 | D25: Achievement House CS | E25: Achievement House CS | F25: 7824 | G25: Female | H25: * | I25: 116 | J25: 127 | K25: 184 | L25: 28 | M25: * | N25: 0 | O25: 458
B26: 1252300017824Male | C26: 125230001 | D26: Achievement House CS | E26: Achievement House CS | F26: 7824 | G26: Male | H26: * | I26: 123 | J26: 133 | K26: 147 | L26: * | M26: * | N26: * | O26: 427
B27: =C27&F27 -> 1252300017824 Total | C27: 125230001 | D27: Achievement House CS | E27: Achievement House CS | F27: 7824 Total | G27: Total | H27: * | I27: 239 | J27: 260 | K27: 331 | L27: * | M27: * | N27: * | O27: 885
B28: 1265143688217Female | C28: 126514368 | D28: ACT Academy Cyber CS | E28: ACT Academy Cyber CS | F28: 8217 | G28: Female | H28: 0 | I28: 45 | J28: * | K28: * | L28: * | M28: 0 | N28: 0 | O28: 57
B29: 1265143688217Male | C29: 126514368 | D29: ACT Academy Cyber CS | E29: ACT Academy Cyber CS | F29: 8217 | G29: Male | H29: 0 | I29: 45 | J29: * | K29: * | L29: * | M29: 0 | N29: 0 | O29: 53
B30: =C30&F30 -> 1265143688217 Total | C30: 126514368 | D30: ACT Academy Cyber CS | E30: ACT Academy Cyber CS | F30: 8217 Total | G30: Total | H30: 0 | I30: 90 | J30: * | K30: * | L30: * | M30: 0 | N30: 0 | O30: 110
B31: 1265100157825Female | C31: 126510015 | D31: Ad Prima CS | E31: Ad Prima CS | F31: 7825 | G31: Female | H31: 0 | I31: 35 | J31: 0 | K31: 0 | L31: * | M31: * | N31: 0 | O31: 38
B32: 1265100157825Male | C32: 126510015 | D32: Ad Prima CS | E32: Ad Prima CS | F32: 7825 | G32: Male | H32: 0 | I32: 27 | J32: * | K32: 0 | L32: * | M32: * | N32: 0 | O32: 33
B33: =C33&F33 -> 1265100157825 Total | C33: 126510015 | D33: Ad Prima CS | E33: Ad Prima CS | F33: 7825 Total | G33: Total | H33: 0 | I33: 62 | J33: * | K33: 0 | L33: * | M33: * | N33: 0 | O33: 71
B34: 1081103076661Female | C34: 108110307 | D34: Admiral Peary AVTS | E34: Admiral Peary AVTS | F34: 6661 | G34: Female | H34: 0 | I34: 0 | J34: 0 | K34: 151 | L34: 0 | M34: 0 | N34: 0 | O34: 151
B35: 1081103076661Male | C35: 108110307 | D35: Admiral Peary AVTS | E35: Admiral Peary AVTS | F35: 6661 | G35: Male | H35: 0 | I35: * | J35: 0 | K35: * | L35: * | M35: 0 | N35: 0 | O35: 307
B36: =C36&F36 -> 1081103076661 Total | C36: 108110307 | D36: Admiral Peary AVTS | E36: Admiral Peary AVTS | F36: 6661 Total | G36: Total | H36: 0 | I36: * | J36: 0 | K36: * | L36: * | M36: 0 | N36: 0 | O36: 458
B37: 1265100207858Female | C37: 126510020 | D37: Agora Cyber CS | E37: Agora Cyber CS | F37: 7858 | G37: Female | H37: * | I37: 844 | J37: 344 | K37: 2088 | L37: 55 | M37: 37 | N37: * | O37: 3397
B38: 1265100207858Male | C38: 126510020 | D38: Agora Cyber CS | E38: Agora Cyber CS | F38: 7858 | G38: Male | H38: * | I38: 710 | J38: 246 | K38: 1774 | L38: 52 | M38: 20 | N38: * | O38: 2827
B39: =C39&F39 -> 1265100207858 Total | C39: 126510020 | D39: Agora Cyber CS | E39: Agora Cyber CS | F39: 7858 Total | G39: Total | H39: 37 | I39: 1554 | J39: 590 | K39: 3862 | L39: 107 | M39: 57 | N39: 17 | O39: 6224
B40: 1012603036001Female | C40: 101260303 | D40: Albert Gallatin Area SD | E40: Albert Gallatin Area SHS | F40: 6001 | G40: Female | H40: 0 | I40: 25 | J40: * | K40: 493 | L40: * | M40: * | N40: * | O40: 533
B41: 1012603036001Male | C41: 101260303 | D41: Albert Gallatin Area SD | E41: Albert Gallatin Area SHS | F41: 6001 | G41: Male | H41: 0 | I41: 24 | J41: * | K41: 530 | L41: * | M41: * | N41: 0 | O41: 564
B42: =C42&F42 -> 1012603036001 Total | C42: 101260303 | D42: Albert Gallatin Area SD | E42: Albert Gallatin Area SHS | F42: 6001 Total | G42: Total | H42: 0 | I42: 49 | J42: * | K42: 1023 | L42: 13 | M42: * | N42: * | O42: 1097
B43: 1012603037607Female | C43: 101260303 | D43: Albert Gallatin Area SD | E43: Albert Gallatin North MS | F43: 7607 | G43: Female | H43: 0 | I43: * | J43: * | K43: 119 | L43: 0 | M43: 0 | N43: 0 | O43: 126
B44: 1012603037607Male | C44: 101260303 | D44: Albert Gallatin Area SD | E44: Albert Gallatin North MS | F44: 7607 | G44: Male | H44: 0 | I44: * | J44: 0 | K44: 137 | L44: * | M44: 0 | N44: 0 | O44: 148
B45: =C45&F45 -> 1012603037607 Total | C45: 101260303 | D45: Albert Gallatin Area SD | E45: Albert Gallatin North MS | F45: 7607 Total | G45: Total | H45: 0 | I45: 15 | J45: * | K45: 256 | L45: * | M45: 0 | N45: 0 | O45: 274
B46: 1012603037608Female | C46: 101260303 | D46: Albert Gallatin Area SD | E46: Albert Gallatin South MS | F46: 7608 | G46: Female | H46: 0 | I46: * | J46: * | K46: 127 | L46: * | M46: 0 | N46: * | O46: 139
B47: 1012603037608Male | C47: 101260303 | D47: Albert Gallatin Area SD | E47: Albert Gallatin South MS | F47: 7608 | G47: Male | H47: 0 | I47: * | J47: * | K47: 129 | L47: * | M47: 0 | N47: 0 | O47: 136
B48: =C48&F48 -> 1012603037608 Total | C48: 101260303 | D48: Albert Gallatin Area SD | E48: Albert Gallatin South MS | F48: 7608 Total | G48: Total | H48: 0 | I48: * | J48: * | K48: 256 | L48: * | M48: 0 | N48: * | O48: 275
B49: 1270405038086Female | C49: 127040503 | D49: Aliquippa SD | E49: Aliquippa JSHS | F49: 8086 | G49: Female | H49: 0 | I49: 170 | J49: * | K49: 30 | L49: * | M49: 0 | N49: 0 | O49: 210
B50: 1270405038086Male | C50: 127040503 | D50: Aliquippa SD | E50: Aliquippa JSHS | F50: 8086 | G50: Male | H50: * | I50: 190 | J50: * | K50: 56 | L50: * | M50: * | N50: 0 | O50: 252
B51: =C51&F51 -> 1270405038086 Total | C51: 127040503 | D51: Aliquippa SD | E51: Aliquippa JSHS | F51: 8086 Total | G51: Total | H51: * | I51: 360 | J51: * | K51: 86 | L51: 11 | M51: * | N51: 0 | O51: 462
B52: 1030206030029Female | C52: 103020603 | D52: Allegheny Valley SD | E52: Springdale JSHS | F52: 0029 | G52: Female | H52: 0 | I52: * | J52: 0 | K52: 216 | L52: * | M52: 0 | N52: 0 | O52: 222
B53: 1030206030029Male | C53: 103020603 | D53: Allegheny Valley SD | E53: Springdale JSHS | F53: 0029 | G53: Male | H53: 0 | I53: * | J53: * | K53: 209 | L53: * | M53: * | N53: 0 | O53: 219
B54: =C54&F54 -> 1030206030029 Total | C54: 103020603 | D54: Allegheny Valley SD | E54: Springdale JSHS | F54: 0029 Total | G54: Total | H54: 0 | I54: * | J54: * | K54: 425 | L54: * | M54: * | N54: 0 | O54: 441
B55: 1061603034664Female | C55: 106160303 | D55: Allegheny-Clarion Valley SD | E55: Allegheny-Clarion Valley HS | F55: 4664 | G55: Female | H55: * | I55: * | J55: * | K55: * | L55: * | M55: * | N55: 0 | O55: 175
B56: 1061603034664Male | C56: 106160303 | D56: Allegheny-Clarion Valley SD | E56: Allegheny-Clarion Valley HS | F56: 4664 | G56: Male | H56: 0 | I56: * | J56: 0 | K56: 151 | L56: * | M56: 0 | N56: * | O56: 155
B57: =C57&F57 -> 1061603034664 Total | C57: 106160303 | D57: Allegheny-Clarion Valley SD | E57: Allegheny-Clarion Valley HS | F57: 4664 Total | G57: Total | H57: * | I57: * | J57: * | K57: * | L57: * | M57: * | N57: * | O57: 330
B58: 1213903022791Female | C58: 121390302 | D58: Allentown City SD | E58: Harrison-Morton MS | F58: 2791 | G58: Female | H58: 0 | I58: 34 | J58: 173 | K58: 39 | L58: * | M58: * | N58: 0 | O58: 250
B59: 1213903022791Male | C59: 121390302 | D59: Allentown City SD | E59: Harrison-Morton MS | F59: 2791 | G59: Male | H59: 0 | I59: 42 | J59: 219 | K59: 43 | L59: * | M59: * | N59: 0 | O59: 307
B60: =C60&F60 -> 1213903022791 Total | C60: 121390302 | D60: Allentown City SD | E60: Harrison-Morton MS | F60: 2791 Total | G60: Total | H60: 0 | I60: 76 | J60: 392 | K60: 82 | L60: * | M60: * | N60: 0 | O60: 557
B61: 1213903022792Female | C61: 121390302 | D61: Allentown City SD | E61: Francis D Raub MS | F61: 2792 | G61: Female | H61: 0 | I61: 58 | J61: 187 | K61: 21 | L61: * | M61: * | N61: 0 | O61: 273
B62: 1213903022792Male | C62: 121390302 | D62: Allentown City SD | E62: Francis D Raub MS | F62: 2792 | G62: Male | H62: * | I62: 54 | J62: 202 | K62: 13 | L62: * | M62: * | N62: 0 | O62: 276
B63: =C63&F63 -> 1213903022792 Total | C63: 121390302 | D63: Allentown City SD | E63: Francis D Raub MS | F63: 2792 Total | G63: Total | H63: * | I63: 112 | J63: 389 | K63: 34 | L63: * | M63: 11 | N63: 0 | O63: 549
B64: 1213903022793Female | C64: 121390302 | D64: Allentown City SD | E64: South Mountain MS | F64: 2793 | G64: Female | H64: * | I64: 35 | J64: 233 | K64: 38 | L64: * | M64: * | N64: 0 | O64: 314
B65: 1213903022793Male | C65: 121390302 | D65: Allentown City SD | E65: South Mountain MS | F65: 2793 | G65: Male | H65: * | I65: 65 | J65: 263 | K65: 42 | L65: * | M65: * | N65: 0 | O65: 380
B66: =C66&F66 -> 1213903022793 Total | C66: 121390302 | D66: Allentown City SD | E66: South Mountain MS | F66: 2793 Total | G66: Total | H66: * | I66: 100 | J66: 496 | K66: 80 | L66: * | M66: * | N66: 0 | O66: 694
B67: 1213903022794Female | C67: 121390302 | D67: Allentown City SD | E67: William Allen HS | F67: 2794 | G67: Female | H67: * | I67: 250 | J67: 771 | K67: 128 | L67: * | M67: 22 | N67: * | O67: 1181
B68: 1213903022794Male | C68: 121390302 | D68: Allentown City SD | E68: William Allen HS | F68: 2794 | G68: Male | H68: * | I68: 248 | J68: 883 | K68: 189 | L68: * | M68: 29 | N68: 0 | O68: 1355
B69: =C69&F69 -> 1213903022794 Total | C69: 121390302 | D69: Allentown City SD | E69: William Allen HS | F69: 2794 Total | G69: Total | H69: * | I69: 498 | J69: 1654 | K69: 317 | L69: * | M69: 51 | N69: * | O69: 2536
B70: 1213903022795Female | C70: 121390302 | D70: Allentown City SD | E70: Louis E Dieruff HS | F70: 2795 | G70: Female | H70: 0 | I70: 120 | J70: 598 | K70: 124 | L70: * | M70: * | N70: * | O70: 854
B71: 1213903022795Male | C71: 121390302 | D71: Allentown City SD | E71: Louis E Dieruff HS | F71: 2795 | G71: Male | H71: 0 | I71: 135 | J71: 583 | K71: 159 | L71: * | M71: 20 | N71: * | O71: 903
B72: =C72&F72 -> 1213903022795 Total | C72: 121390302 | D72: Allentown City SD | E72: Louis E Dieruff HS | F72: 2795 Total | G72: Total | H72: 0 | I72: 255 | J72: 1181 | K72: 283 | L72: * | M72: * | N72: * | O72: 1757
B73: 1213903024929Female | C73: 121390302 | D73: Allentown City SD | E73: Trexler MS | F73: 4929 | G73: Female | H73: 0 | I73: 46 | J73: 171 | K73: * | L73: 0 | M73: * | N73: 0 | O73: 258
B74: 1213903024929Male | C74: 121390302 | D74: Allentown City SD | E74: Trexler MS | F74: 4929 | G74: Male | H74: 0 | I74: 54 | J74: 232 | K74: 52 | L74: * | M74: * | N74: 0 | O74: 342
B75: =C75&F75 -> 1213903024929 Total | C75: 121390302 | D75: Allentown City SD | E75: Trexler MS | F75: 4929 Total | G75: Total | H75: 0 | I75: 100 | J75: 403 | K75: * | L75: * | M75: * | N75: 0 | O75: 600
B76: 1265129907543Female | C76: 126512990 | D76: Alliance for Progress CS | E76: Alliance for Progress CS | F76: 7543 | G76: Female | H76: 0 | I76: 42 | J76: * | K76: 0 | L76: 0 | M76: * | N76: 0 | O76: 45
B77: 1265129907543Male | C77: 126512990 | D77: Alliance for Progress CS | E77: Alliance for Progress CS | F77: 7543 | G77: Male | H77: 0 | I77: * | J77: * | K77: 0 | L77: 0 | M77: 0 | N77: 0 | O77: 43
B78: =C78&F78 -> 1265129907543 Total | C78: 126512990 | D78: Alliance for Progress CS | E78: Alliance for Progress CS | F78: 7543 Total | G78: Total | H78: 0 | I78: * | J78: * | K78: 0 | L78: 0 | M78: * | N78: 0 | O78: 88
B79: 1080705020913Female | C79: 108070502 | D79: Altoona Area SD | E79: Altoona Area HS | F79: 0913 | G79: Female | H79: * | I79: 58 | J79: * | K79: 782 | L79: 0 | M79: * | N79: 0 | O79: 852
B80: 1080705020913Male | C80: 108070502 | D80: Altoona Area SD | E80: Altoona Area HS | F80: 0913 | G80: Male | H80: 0 | I80: 80 | J80: * | K80: 795 | L80: 0 | M80: * | N80: 0 | O80: 887
B81: =C81&F81 -> 1080705020913 Total | C81: 108070502 | D81: Altoona Area SD | E81: Altoona Area HS | F81: 0913 Total | G81: Total | H81: * | I81: 138 | J81: 14 | K81: 1577 | L81: 0 | M81: * | N81: 0 | O81: 1739
B82: 1080705027425Female | C82: 108070502 | D82: Altoona Area SD | E82: Kimmel Alternative School | F82: 7425 | G82: Female | H82: 0 | I82: * | J82: * | K82: 11 | L82: 0 | M82: 0 | N82: 0 | O82: 14
B83: 1080705027425Male | C83: 108070502 | D83: Altoona Area SD | E83: Kimmel Alternative School | F83: 7425 | G83: Male | H83: 0 | I83: * | J83: 0 | K83: * | L83: 0 | M83: 0 | N83: 0 | O83: 19
B84: =C84&F84 -> 1080705027425 Total | C84: 108070502 | D84: Altoona Area SD | E84: Kimmel Alternative School | F84: 7425 Total | G84: Total | H84: 0 | I84: * | J84: * | K84: * | L84: 0 | M84: 0 | N84: 0 | O84: 33
B85: 1080705027986Female | C85: 108070502 | D85: Altoona Area SD | E85: Altoona Area Jr HS | F85: 7986 | G85: Female | H85: 0 | I85: 67 | J85: * | K85: 795 | L85: 0 | M85: * | N85: 0 | O85: 875
B86: 1080705027986Male | C86: 108070502 | D86: Altoona Area SD | E86: Altoona Area Jr HS | F86: 7986 | G86: Male | H86: * | I86: 56 | J86: * | K86: 834 | L86: 0 | M86: * | N86: 0 | O86: 903
B87: =C87&F87 -> 1080705027986 Total | C87: 108070502 | D87: Altoona Area SD | E87: Altoona Area Jr HS | F87: 7986 Total | G87: Total | H87: * | I87: 123 | J87: 16 | K87: 1629 | L87: 0 | M87: * | N87: 0 | O87: 1778
B88: 1270407030633Female | C88: 127040703 | D88: Ambridge Area SD | E88: Ambridge Area JHS | F88: 0633 | G88: Female | H88: 0 | I88: 33 | J88: * | K88: 181 | L88: * | M88: 0 | N88: * | O88: 226
B89: 1270407030633Male | C89: 127040703 | D89: Ambridge Area SD | E89: Ambridge Area JHS | F89: 0633 | G89: Male | H89: 0 | I89: 33 | J89: * | K89: 189 | L89: * | M89: 0 | N89: 0 | O89: 230
B90: =C90&F90 -> 1270407030633 Total | C90: 127040703 | D90: Ambridge Area SD | E90: Ambridge Area JHS | F90: 0633 Total | G90: Total | H90: 0 | I90: 66 | J90: * | K90: 370 | L90: * | M90: 0 | N90: * | O90: 456
B91: 1270407036555Female | C91: 127040703 | D91: Ambridge Area SD | E91: Ambridge Area HS | F91: 6555 | G91: Female | H91: 0 | I91: 43 | J91: * | K91: 298 | L91: * | M91: * | N91: 0 | O91: 350
B92: 1270407036555Male | C92: 127040703 | D92: Ambridge Area SD | E92: Ambridge Area HS | F92: 6555 | G92: Male | H92: 0 | I92: 58 | J92: * | K92: 355 | L92: * | M92: * | N92: * | O92: 429
B93: =C93&F93 -> 1270407036555 Total | C93: 127040703 | D93: Ambridge Area SD | E93: Ambridge Area HS | F93: 6555 Total | G93: Total | H93: 0 | I93: 101 | J93: * | K93: 653 | L93: 11 | M93: * | N93: * | O93: 779
B94: 1133803032725Female | C94: 113380303 | D94: Annville-Cleona SD | E94: Annville Cleona HS | F94: 2725 | G94: Female | H94: 0 | I94: * | J94: 11 | K94: 227 | L94: * | M94: * | N94: 0 | O94: 249
B95: 1133803032725Male | C95: 113380303 | D95: Annville-Cleona SD | E95: Annville Cleona HS | F95: 2725 | G95: Male | H95: 0 | I95: * | J95: * | K95: 258 | L95: * | M95: * | N95: 0 | O95: 267
B96: =C96&F96 -> 1133803032725 Total | C96: 113380303 | D96: Annville-Cleona SD | E96: Annville Cleona HS | F96: 2725 Total | G96: Total | H96: 0 | I96: * | J96: * | K96: 485 | L96: * | M96: * | N96: 0 | O96: 516
B97: 1133803038178Female | C97: 113380303 | D97: Annville-Cleona SD | E97: Annville-Cleona MS | F97: 8178 | G97: Female | H97: 0 | I97: * | J97: * | K97: 91 | L97: 0 | M97: * | N97: 0 | O97: 104
B98: 1133803038178Male | C98: 113380303 | D98: Annville-Cleona SD | E98: Annville-Cleona MS | F98: 8178 | G98: Male | H98: 0 | I98: * | J98: * | K98: 97 | L98: * | M98: * | N98: 0 | O98: 107
B99: =C99&F99 -> 1133803038178 Total | C99: 113380303 | D99: Annville-Cleona SD | E99: Annville-Cleona MS | F99: 8178 Total | G99: Total | H99: 0 | I99: * | J99: 12 | K99: 188 | L99: * | M99: * | N99: 0 | O99: 211
B100: 1140605030820Female | C100: 114060503 | D100: Antietam SD | E100: Antietam MS/HS | F100: 0820 | G100: Female | H100: * | I100: 16 | J100: 55 | K100: 131 | L100: * | M100: * | N100: 0 | O100: 208
...
